 Dungeon Crawl Stone Soup version 0.30-a0-223-gcb0039aa0c (webtiles) character file.

Game seed: 14747558714749848171

295863 qw the Tortoise (level 21, -24/140 HPs)
             Began as a Gargoyle Fighter on Oct 9, 2022.
             Was a High Priest of Okawaru.
             Shot with a bolt by a yaktaur captain (27 damage)
             ... on level 5 of the Vaults.
             The game lasted 00:17:58 (38381 turns).

qw the Tortoise (Gargoyle Fighter)                 Turns: 38381, Time: 00:17:59

Health: -24/140    AC: 74    Str: 39    XL:     21   Next: 27%
Magic:  25/28      EV: 11    Int:  9    God:    Okawaru [*****.]
Gold:   783        SH: 27    Dex:  9    Spells: 20/20 levels left

rFire   . . .      SeeInvis .    D - +9 broad axe (elec)
rCold   + . .      Faith    .    C - +0 tower shield
rNeg    + . .      Spirit   .    J - +11 crystal plate armour of Subjectivity {rPois}
rPois   inf        Reflect  +    z - +0 helmet of Qymnow {Contam *Corrode +Inv rC++}
rElec   +          Harm     .    w - +2 cloak {Will+}
rCorr   .          Rampage  .    M - +2 pair of gloves
Will    ++...                    x - +1 pair of boots of Weotevod {rC- Str+8}
Stlth   ..........               y - amulet of reflection
HPRegen 0.43/turn                o - +4 ring of slaying {mikee}
MPRegen 0.21/turn                e - +4 ring of protection

@: heroic, finesse-ful, marked, flying
A: sickness immunity, AC +16, big wings, negative energy resistance 1,
electricity resistance, torment resistance 1, petrification resistance
}: 1/15 runes: barnacled
a: Renounce Religion, Evoke Invisibility, Heroism, Finesse, Duel


You were on level 5 of the Vaults.
You worshipped Okawaru.
Okawaru was extremely pleased with you.
You visited 7 branches of the dungeon, and saw 35 of its levels.
You visited 1 bazaar.

You collected 4051 gold pieces.
You spent 3268 gold pieces at shops.


Innate Abilities, Weirdness & Mutations

You are immune to sickness and miasma.
Your stone body is resilient. (AC +16)
You are immune to poison.
Your large and strong wings let you fly.
You resist negative energy. (rN+)
You are resistant to electric shocks. (rElec)
You are resistant to unholy torment.
You are immune to petrification.


   Skills:
 + Level 17.4(22.4) Fighting
 - Level 18.0(23.0) Axes
 - Level 10.0(15.0) Throwing
 - Level 20.0(25.0) Armour
 - Level 4.0(9.0) Dodging
 - Level 19.4(24.4) Shields
 - Level 10.0 Invocations


You had 20 spell levels left.
You didn't know any spells.
Your spell library was empty.

Inventory:

Hand Weapons
 D - a +9 broad axe of electrocution (weapon)
Missiles
 k - 4 boomerangs of dispersal
 n - 2 silver boomerangs
 s - 36 boomerangs
 v - 6 silver javelins (quivered)
 B - 14 javelins
Armour
 f - a +0 helmet
 i - the +7 plate armour of Zagure {Rampage rPois rC+ rCorr}
   (Okawaru gifted it to you on level 11 of the Dungeon)

   rC:        It protects you from cold.
   rPois:     It protects you from poison.
   rCorr:     It protects you from acid and corrosion.
   Rampage:   It bestows one free step when moving towards enemies.
 t - a +2 pair of boots
 w - a +2 cloak of willpower (worn)
 x - the +1 pair of boots of Weotevod (worn) {rC- Str+8}
   (Okawaru gifted it to you on level 2 of the Orcish Mines)

   Str:       It affects your strength (+8).
   rC:        It makes you vulnerable to cold.
 z - the +0 helmet of Qymnow (worn) {Contam *Corrode +Inv rC++}
   (You found it on level 1 of the Lair of Beasts)

   rC:        It greatly protects you from cold.
   +Inv:      It lets you turn invisible.
   Contam:    It causes magical contamination when unequipped.
   *Corrode:  It may corrode you when you take damage.
 C - a +0 tower shield (worn)
 H - the +0 hat of Fycazxia {rPois rC+++ rCorr MP+9 Slay-5}
   (You acquired it on level 3 of the Snake Pit)

   Slay:      It affects your accuracy & damage with ranged weapons and melee
   (-5).
   rC:        It renders you almost immune to cold.
   rPois:     It protects you from poison.
   MP:        It affects your magic capacity (+9).
   rCorr:     It protects you from acid and corrosion.
 J - the +11 crystal plate armour of Subjectivity (worn) {rPois}
   (Okawaru gifted it to you on level 1 of the Vaults)

   rPois:     It protects you from poison.
 M - a +2 pair of gloves (worn)
Jewellery
 e - a +4 ring of protection (right hand)
 h - a ring of protection from cold
 o - a +4 ring of slaying (left hand) {mikee}
 y - an amulet of reflection (around neck)
 A - a ring of protection from fire
 F - a ring of protection from fire
 G - a ring of protection from cold
Wands
 I - a wand of digging (6)
Scrolls
 c - 13 scrolls of identify
 g - a scroll of enchant weapon
 j - 24 scrolls of teleportation
Potions
 a - 32 potions of curing
 b - 9 potions of lignification
 d - 11 potions of might
 l - 5 potions of attraction
 m - 13 potions of heal wounds
 p - 13 potions of mutation
 q - 4 potions of haste
 u - 10 potions of cancellation
 K - a potion of magic

Dungeon Overview and Level Annotations

Branches:
Dungeon (15/15)            Temple (1/1) D:5            Lair (5/5) D:9
 Shoals (4/4) Lair:3        Snake (3/4) Lair:3        Slime (0/5) Lair:4
    Orc (2/2) D:11            Elf (0/3) Orc:2        Vaults (5/5) D:13
  Crypt (0/3) Vaults:2     Depths (0/4) D:15

Altars:
Ashenzari
Cheibriados
Dithmenos
Elyvilon
Fedhas
Gozag
Hepliaklqana
Kikubaaqudgha
Makhleb
Nemelex Xobeh
Okawaru
Qazlal
Ru
Sif Muna
Trog
Uskayaw
Vehumet
Wu Jian
Xom
Yredelemnul
Zin
The Shining One
Jiyva
Lugonu

Shops:
D:1 (   D:6 [   D:7 **   D:9 *   D:10 ((   Orc:2 ??(:(   Snake:1 !:(
Snake:3 *   Vaults:3 (

Portals:
Abyss: Orc:1 Lair:5

Annotations:
Lair:4 1 runed translucent door, Raneoc's ghost, journeyman MiFi
Orc:1 2 transporters, qw's ghost, adept GrFi


Message History

The vault guard hits you but does no damage.
The vault sentinel gestures at you while chanting.
You struggle to resist.
The titan hits you!!
You slash the titan!
The titan is severely wounded.
You carve the vault sentinel like a ham!!!
You kill the vault sentinel!
Okawaru accepts your kill.
You hit the war gargoyle.
The yaktaur captain shoots a bolt.
You reflect the bolt off an invisible shield around you!
The bolt hits the yaktaur captain!!!
You slice the titan!!
The titan is almost dead.
You slash the war gargoyle!
The war gargoyle hits you but does no damage.
You hit the titan.
The titan is almost dead.
You barely miss the war gargoyle. You slice the titan!!
You kill the titan!
Okawaru accepts your kill.
You hit the war gargoyle.
The vault guard hits you from afar with a +3 bardiche.
You block the vault guard's attack.
A freezing wraith comes into view.
A deep elf high priest comes into view. It is wielding a +0 short sword.
A fire giant comes into view.
It is wielding a +2 great sword of flaming.
A stone giant comes into view.
The yaktaur captain shoots a bolt.
The bolt barely misses you.
The bolt hits the war gargoyle!
You block the war gargoyle's attack.
You carve the war gargoyle like a ham!!!
You destroy the war gargoyle!
Okawaru accepts your kill. You block the vault guard's attack.
The deep elf high priest calls down the wrath of its god upon you.
The sphere of damnation explodes!
The damnation engulfs you!!!
The damnation engulfs the vault guard!
The yaktaur captain shoots a bolt.
The bolt hits you!!
You die...

.#.# #....#
.#.#.# #....#
#.#.#e#.....# .
#c#.#.#....##.#
#.#.........#
#####.#........##
.......p..<<.....
.........<..<...^
......p@.p<<.....
..W....%)).......
#######C)......##
.........C..
.....#....#...
...#####....#...
.. #....# .. .
#....# ....#


You could see a fire giant, a stone giant, a vault warden, a yaktaur captain, 2
vault guards, a deep elf high priest and a freezing wraith.

Vanquished Creatures
  A titan (Vaults:5)
  2 krakens
  Polyphemus (Shoals:3)
  3 sphinxes
  A storm dragon (Vaults:5)
  A tengu reaver (Vaults:3)
  Roxanne (Shoals:4)
  3 shadow dragons
  A nagaraja (Snake:3)
  A fire giant (Vaults:5)
  Ilsuiw (Shoals:3)
  8 vault wardens
  2 iron dragons
  A frost giant (Shoals:4)
  Aizul (Shoals:2)
  An orc warlord (Vaults:3)
  18 ironbound preservers
  2 war gargoyles
  4 ironbound thunderhulks
  6 very ugly things
  7 dire elephants
  2 ettins (Vaults:3)
  A crystal guardian (Vaults:2)
  A deep elf death mage (Vaults:2)
  3 merfolk javelineers
  A jiangshi (Vaults:2)
  8 yaktaur captains
  An entropy weaver (shapeshifter) (D:15)
  12 merfolk impalers
  5 great orbs of eyes
  2 fire dragons
  Harold (D:9)
  Fannar (Lair:3)
  32 vault guards
  A salamander tyrant (Snake:3)
  4 merfolk aquamancers (Shoals:4)
  4 hydras
  A rakshasa (D:15)
  10 ironbound frosthearts
  2 peacekeepers
  An alligator snapping turtle (Shoals:1)
  4 ogre magi (Orc:2)
  A catoblepas (Shoals:3)
  5 merfolk avatars
  9 boulder beetles
  3 anacondas
  A death knight (Vaults:2)
  2 satyrs
  9 centaur warriors
  20 two-headed ogres
  5 death yaks
  A deep troll earth mage (Vaults:3)
  7 naga warriors
  2 tengu warriors (D:15)
  4 shock serpents
  8 naga sharpshooters
  11 hell knights
  A fire crab (Lair:5)
  Lodul (D:12)
  4 glowing orange brains
  A salamander mystic (Snake:3)
  15 sea snakes
  A swamp dragon (Lair:5)
  23 lindwurms
  56 deep trolls
  16 harpies
  6 ironbound convokers
  4 wizards
  A phantasmal warrior (Vaults:2)
  5 orc knights
  A deep elf pyromancer (D:13)
  2 necromancers
  3 mana vipers (Snake:3)
  26 ugly things
  An orc sorcerer (Orc:1)
  5 salamanders
  An oklob plant (Lair:5)
  8 fauns
  16 cyclopes
  13 manticores
  A guardian serpent (shapeshifter) (Vaults:2)
  6 merfolk sirens
  11 naga magi
  19 black mambas
  8 torpor snails
  15 vault sentinels
  Maurice (D:9)
  14 elephants
  2 guardian serpents
  16 cane toads
  2 gargoyles
  2 water nymphs
  A kobold demonologist (D:9)
  A freezing wraith (D:12)
  3 unseen horrors
  5 rime drakes
  12 komodo dragons
  Psyche (D:10)
  A tengu conjurer (D:9)
  15 yaktaurs
  A yaktaur (shapeshifter) (D:9)
  11 polar bears
  45 merfolk
  7 wind drakes
  12 trolls
  A hornet (Vaults:5)
  A queen bee (Lair:2)
  3 raiju (Lair:5)
  A blink frog (shapeshifter) (D:12)
  A blink frog (Lair:4)
  8 snapping turtles
  49 slime creatures
  9 dream sheep
  6 wyverns
  2 vampires
  6 water elementals
  2 shadows
  A basilisk (shapeshifter) (D:15)
  3 wraiths
  9 humans (D:13)
  11 vampire mosquitoes
  A golden eye (shapeshifter) (D:9)
  6 basilisks
  A fire bat (shapeshifter) (D:12)
  2 steam dragons (Lair:5)
  43 yaks
  5 wargs
  6 acid dragons
  23 nagas
  11 water moccasins
  14 hell hounds (Lair:5)
  A swamp drake (Lair:5)
  Pargi (D:3)
  A sky beast (shapeshifter) (D:15)
  3 ice beasts
  4 sky beasts
  18 orc warriors
  23 ogres
  14 black bears
  10 centaurs
  28 wolves
  2 phantoms
  Blork the orc (D:5)
  2 kobold brigands (D:9)
  10 bullfrogs
  A gnoll sergeant (D:10)
  2 scorpions
  2 necrophages
  A wight (D:7)
  32 killer bees
  5 howler monkeys
  6 electric eels (D:10)
  3 hounds
  A gnoll bouda (D:7)
  6 orc priests
  3 jellies
  9 iguanas
  21 orc wizards
  4 centaur simulacra
  7 adders
  3 gnolls (D:10)
  A shadow imp (D:6)
  4 white imps
  2 dart slugs
  61 orcs
  5 ball pythons
  8 endoplasms
  3 giant cockroaches
  10 goblins
  5 hobgoblins
  3 quokkas
  4 bats
  5 frilled lizards
  7 kobolds
  5 rats
  A lurking horror (Lair:5)
  5 tentacles
1251 creatures vanquished.

Vanquished Creatures (others)
  Margery (Vaults:4)
  A komodo dragon (Lair:5)
  27 fungi
  90 plants
  5 tentacles
124 creatures vanquished.

Grand Total: 1375 creatures vanquished

Notes
Turn   | Place    | Note
-------+----------+-------------------------------------------
     0 | D:1      | qw the Gargoyle Fighter began the quest for the Orb.
     0 | D:1      | Reached XP level 1. HP: 14/14 MP: 1/1
     0 | D:1      | 0 ||| qw: Version: 0.2-a-17-g06abaee
     0 | D:1      | 0 ||| qw: Game counter: 2241
     0 | D:1      | 0 ||| qw: Always use a shield: true
     0 | D:1      | 0 ||| qw: God list: Okawaru
     0 | D:1      | 0 ||| qw: Allow faded altars: false
     0 | D:1      | 0 ||| qw: Do Orc after D:15 true
     0 | D:1      | 0 ||| qw: Do second Lair branch before Depths: true
     0 | D:1      | 0 ||| qw: Lair rune preference: random
     0 | D:1      | 0 ||| qw: Plans: Normal, Zot:1-4, God:TSO, Crypt, Tomb,
                  | Pan, Slime:5, Hells, Abyss, Orb
     0 | D:1      | 0 ||| PLANNING D:1-11
    97 | D:1      | 97 ||| Stepping ~*~*~tactically~*~*~ (stealth).
    99 | D:1      | 99 ||| Stepping ~*~*~tactically~*~*~ (stealth).
   103 | D:1      | 103 ||| Stepping ~*~*~tactically~*~*~ (stealth).
   113 | D:1      | Reached XP level 2. HP: 18/19 MP: 2/2
   323 | D:1      | Found Puseoqul's Antique Weapon Shop.
   336 | D:1      | 336 ||| SHOPLISTING glowing broad axe (189 gold, have 14).
   336 | D:1      | 336 ||| SHOPLISTING runed flail (175 gold, have 14).
   336 | D:1      | 336 ||| SHOPLISTING whip (67 gold, have 14).
   458 | D:1      | 458 ||| DROPPING +2 hand axe of venom.
   573 | D:1      | Reached skill level 3 in Axes
   575 | D:1      | 575 ||| DROPPING +0 club.
   975 | D:1      | 975 ||| UPGRADING to +0 pair of gloves.
   980 | D:1      | 980 ||| UPGRADING to +0 chain mail.
   990 | D:1      | 990 ||| DROPPING +0 scale mail.
   991 | D:1      | 991 ||| READING scroll labelled UZEIM POLEOLY.
   992 | D:1      | 992 ||| READING scroll labelled EBBIWU REUTULE.
   993 | D:1      | 993 ||| READING scroll labelled SOS KYOBUDOTUTT.
   994 | D:1      | 994 ||| READING scroll labelled KIUN EDELIODGH.
  1111 | D:2      | Reached XP level 3. HP: 23/23 MP: 3/3
  1142 | D:2      | 1142 ||| Stepping ~*~*~tactically~*~*~ (stealth).
  1302 | D:2      | Found a faded altar of an unknown god.
  1860 | D:2      | 1860 ||| UPGRADING to +0 plate armour.
  1870 | D:2      | 1870 ||| DROPPING +0 chain mail.
  1871 | D:2      | 1871 ||| UPGRADING to +4 ring of slaying {mikee}.
  1872 | D:2      | 1872 ||| READING scroll labelled USTUPNEIW PEHAT.
  1873 | D:2      | 1873 ||| READING scroll labelled GOGGOA ZOVELL.
  1874 | D:2      | 1874 ||| READING 2 scrolls labelled HOASTR TASIHU.
  1875 | D:2      | 1875 ||| READING scroll labelled VOYTWU YMOASO.
  1876 | D:2      | 1876 ||| DRINKING 2 silvery potions.
  1877 | D:2      | 1877 ||| DROPPING scroll of blinking.
  2170 | D:3      | 2170 ||| Stepping ~*~*~tactically~*~*~ (hiding).
  2190 | D:3      | Reached XP level 4. HP: 22/28 MP: 4/4
  2423 | D:3      | Noticed Pargi
  2436 | D:3      | Killed Pargi
  2437 | D:3      | Reached XP level 5. HP: 27/32 MP: 5/5
  2692 | D:3      | 2692 ||| UPGRADING to +0 kite shield.
  2702 | D:3      | 2702 ||| DROPPING +0 buckler.
  2703 | D:3      | 2703 ||| UPGRADING to +2 cloak of preservation.
  2708 | D:3      | 2708 ||| READING scroll labelled WELURGHI KOHEFA.
  2709 | D:3      | 2709 ||| DRINKING 2 red potions.
  2710 | D:3      | 2710 ||| DROPPING potion of degeneration.
  2834 | D:4      | Reached XP level 6. HP: 37/37 MP: 6/6
  2845 | D:4      | 2845 ||| Stepping ~*~*~tactically~*~*~ (stealth).
  2850 | D:4      | 2850 ||| Stepping ~*~*~tactically~*~*~ (stealth).
  2851 | D:4      | 2851 ||| Stepping ~*~*~tactically~*~*~ (stealth).
  2852 | D:4      | 2852 ||| Stepping ~*~*~tactically~*~*~ (stealth).
  2853 | D:4      | 2853 ||| Stepping ~*~*~tactically~*~*~ (stealth).
  2854 | D:4      | 2854 ||| Stepping ~*~*~tactically~*~*~ (stealth).
  2855 | D:4      | 2855 ||| Stepping ~*~*~tactically~*~*~ (stealth).
  2856 | D:4      | 2856 ||| Stepping ~*~*~tactically~*~*~ (stealth).
  2871 | D:4      | Noticed an ice beast
  2872 | D:4      | 2872 ||| Stepping ~*~*~tactically~*~*~ (stealth).
  2879 | D:4      | Killed an ice beast
  2963 | D:4      | 2963 ||| Stepping ~*~*~tactically~*~*~ (stealth).
  3015 | D:4      | Reached XP level 7. HP: 42/42 MP: 7/7
  3239 | D:4      | 3239 ||| UPGRADING to +0 helmet.
  3244 | D:4      | 3244 ||| DRINKING 3 blue potions.
  3245 | D:4      | 3245 ||| DROPPING 2 potions of brilliance.
  3271 | D:5      | Entered Level 5 of the Dungeon
  3280 | D:5      | Reached skill level 1 in Throwing
  3282 | D:5      | 3282 ||| Stepping ~*~*~tactically~*~*~ (hiding).
  3429 | D:5      | 3429 ||| Stepping ~*~*~tactically~*~*~ (stealth).
  3431 | D:5      | 3431 ||| Stepping ~*~*~tactically~*~*~ (hiding).
  3501 | D:5      | 3501 ||| DROPPING +0 whip.
  3547 | D:5      | Noticed Blork the orc
  3557 | D:5      | Killed Blork the orc
  3558 | D:5      | Reached skill level 6 in Axes
  3729 | D:5      | Reached skill level 4 in Armour
  3729 | D:5      | Reached XP level 8. HP: 48/48 MP: 8/8
  3736 | D:5      | 3736 ||| Stepping ~*~*~tactically~*~*~ (stealth).
  3738 | D:5      | 3738 ||| Stepping ~*~*~tactically~*~*~ (hiding).
  3745 | D:5      | Reached skill level 6 in Shields
  3843 | D:5      | Found a staircase to the Ecumenical Temple.
  3844 | D:5      | 3844 ||| PLANNING TEMPLE
  3847 | D:5      | 3847 ||| UPGRADING to ring of willpower.
  3848 | D:5      | 3848 ||| READING scroll labelled FAICHE LUGE.
  3849 | D:5      | 3849 ||| DRINKING 2 inky potions.
  3897 | D:5      | 3897 ||| READING 2 scrolls of identify.
  3897 | D:5      | 3897 ||| IDENTIFYING murky amethyst potion
  3902 | Temple   | Entered the Ecumenical Temple
  3915 | Temple   | 3915 ||| PLANNING OKAWARU WORSHIP
  4084 | Temple   | Became a worshipper of Warmaster Okawaru
  4085 | Temple   | 4085 ||| PLANNING D:1-11
  4403 | D:5      | 4403 ||| READING 2 scrolls of identify.
  4403 | D:5      | 4403 ||| IDENTIFYING fuming puce potion
  4446 | D:6      | 4446 ||| Stepping ~*~*~tactically~*~*~ (stealth).
  4638 | D:6      | Identified the +0 pair of gloves of Winter {Will+ Dex-3
                  | Stlth+}
  4816 | D:6      | Found Nil Piyru's Armour Boutique.
  4824 | D:6      | 4824 ||| BUYING +1 pair of boots (115 gold).
  4824 | D:6      | Bought a +1 pair of boots for 115 gold pieces
  4824 | D:6      | 4824 ||| SHOPLISTING +2 pair of boots "Nokiel" {rPois} (257
                  | gold, have 243).
  4888 | D:6      | 4888 ||| UPGRADING to +0 pair of gloves of Winter {Will+
                  | Dex-3 Stlth+}.
  4898 | D:6      | 4898 ||| UPGRADING to +1 pair of boots.
  4903 | D:6      | 4903 ||| DROPPING amulet of faith.
  4904 | D:6      | 4904 ||| DRINKING 2 cyan potions.
  4905 | D:6      | 4905 ||| DROPPING potion of flight.
  4982 | D:7      | Reached * piety under Okawaru
  5077 | D:7      | 5077 ||| INVOKING Heroism.
  5078 | D:7      | 5078 ||| Stepping ~*~*~tactically~*~*~ (stealth).
  5082 | D:7      | Reached skill level 5 in Armour
  5085 | D:7      | Reached skill level 1 in Invocations
  5087 | D:7      | 5087 ||| INVOKING Heroism.
  5091 | D:7      | Reached XP level 9. HP: 49/54 MP: 5/10
  5097 | D:7      | Reached skill level 3 in Invocations
  5102 | D:7      | Reached ** piety under Okawaru
  5144 | D:7      | Found Zedergh's General Store.
  5144 | D:7      | Found Xeucwuit's Specific Store.
  5158 | D:7      | 5158 ||| SHOPLISTING +2 chain mail "Giuluon" {rElec rF+
                  | Regen+ Int+3} (543 gold, have 273).
  5158 | D:7      | 5158 ||| BUYING potion of curing (39 gold).
  5158 | D:7      | Bought a potion of curing for 39 gold pieces
  5158 | D:7      | 5158 ||| BUYING potion of curing (39 gold).
  5158 | D:7      | Bought a potion of curing for 39 gold pieces
  5279 | D:7      | 5279 ||| Stepping ~*~*~tactically~*~*~ (stealth).
  5281 | D:7      | 5281 ||| Stepping ~*~*~tactically~*~*~ (stealth).
  5284 | D:7      | 5284 ||| Stepping ~*~*~tactically~*~*~ (stealth).
  5286 | D:7      | 5286 ||| Stepping ~*~*~tactically~*~*~ (hiding).
  5288 | D:7      | 5288 ||| Stepping ~*~*~tactically~*~*~ (hiding).
  5312 | D:7      | 5312 ||| Stepping ~*~*~tactically~*~*~ (stealth).
  5315 | D:7      | 5315 ||| Stepping ~*~*~tactically~*~*~ (hiding).
  5477 | D:7      | 5477 ||| Stepping ~*~*~tactically~*~*~ (hiding).
  5646 | D:7      | 5646 ||| Stepping ~*~*~tactically~*~*~ (hiding).
  6010 | D:7      | 6010 ||| DROPPING +2 hat of intelligence.
  6011 | D:7      | 6011 ||| DRINKING 2 fizzy yellow potions.
  6056 | D:8      | 6056 ||| READING scroll of enchant weapon.
  6056 | D:8      | 6056 ||| ENCHANTING +1 war axe.
  6083 | D:8      | Found a flagged portal.
  6084 | D:8      | 6084 ||| INVOKING Heroism.
  6174 | D:8      | Found a hide-covered altar of Uskayaw.
  6254 | D:8      | 6254 ||| Stepping ~*~*~tactically~*~*~ (stealth).
  6268 | D:8      | Reached skill level 6 in Fighting
  6404 | D:8      | 6404 ||| INVOKING Heroism.
  6485 | D:8      | 6485 ||| INVOKING Heroism.
  6494 | D:8      | Reached skill level 6 in Armour
  6546 | D:8      | 6546 ||| INVOKING Heroism.
  6909 | D:9      | Noticed Maurice
  6909 | D:9      | Noticed a two-headed ogre
  6910 | D:9      | 6910 ||| STAIRDANCE
  6912 | D:8      | 6912 ||| INVOKING Heroism.
  6923 | D:8      | Killed a two-headed ogre
  6924 | D:8      | Reached skill level 9 in Axes
  6924 | D:8      | Reached XP level 10. HP: 59/60 MP: 11/13
  6951 | D:9      | Killed Maurice
  6951 | D:9      | Reached *** piety under Okawaru
  6952 | D:9      | Reached skill level 1 in Dodging
  6971 | D:9      | 6971 ||| INVOKING Heroism.
  7104 | D:9      | Found Foynie's Changing Room.
  7104 | D:9      | Noticed Harold
  7105 | D:9      | 7105 ||| INVOKING Heroism.
  7126 | D:9      | Killed Harold
  7126 | D:9      | Reached **** piety under Okawaru
  7127 | D:9      | Reached skill level 8 in Armour
  7400 | D:9      | HP: 9/63 [something (8)]
  7594 | D:9      | 7594 ||| INVOKING Heroism.
  7597 | D:9      | Received a gift from Okawaru
  7653 | D:9      | Noticed a centaur warrior
  7653 | D:9      | Noticed a green ugly thing
  7654 | D:9      | 7654 ||| Stepping ~*~*~tactically~*~*~ (hiding).
  7661 | D:9      | Killed a centaur warrior
  7662 | D:9      | Reached skill level 9 in Shields
  7662 | D:9      | Reached XP level 11. HP: 67/67 MP: 13/15
  7672 | D:9      | Killed a green ugly thing
  7673 | D:9      | Reached skill level 6 in Invocations
  7673 | D:9      | Noticed a centaur warrior
  7678 | D:9      | Noticed a cyclops
  7679 | D:9      | 7679 ||| INVOKING Heroism.
  7688 | D:9      | Killed a centaur warrior
  7694 | D:9      | Killed a cyclops
  7694 | D:9      | Reached ***** piety under Okawaru
  7775 | D:9      | 7775 ||| SWAPPING to +1 vampiric hand axe.
  7780 | D:9      | Found the +3 robe of Clouds {*Thunder rCloud rElec}
  7785 | D:9      | Noticed a centaur warrior
  7787 | D:9      | Noticed a two-headed ogre
  7788 | D:9      | 7788 ||| INVOKING Heroism.
  7801 | D:9      | Killed a centaur warrior
  7807 | D:9      | Killed a two-headed ogre
  7898 | D:9      | Noticed a white ugly thing
  7899 | D:9      | 7899 ||| INVOKING Heroism.
  7904 | D:9      | HP: 14/67 [white ugly thing (19)]
  7905 | D:9      | 7905 ||| DRINKING 4 potions of heal wounds.
  7915 | D:9      | Killed a white ugly thing
  8003 | D:9      | 8003 ||| DROPPING +1 vorpal flail.
  8064 | D:9      | 8064 ||| Stepping ~*~*~tactically~*~*~ (hiding).
  8065 | D:9      | 8065 ||| Stepping ~*~*~tactically~*~*~ (hiding).
  8156 | D:9      | You fall into a shaft and drop 1 floor!
  8156 | D:10     | Entered Level 10 of the Dungeon
  8168 | D:10     | 8168 ||| INVOKING Heroism.
  8169 | D:10     | Noticed Psyche
  8170 | D:10     | 8170 ||| Stepping ~*~*~tactically~*~*~ (stealth).
  8172 | D:10     | 8172 ||| Stepping ~*~*~tactically~*~*~ (stealth).
  8183 | D:10     | Received a gift from Okawaru
  8193 | D:10     | Killed Psyche
  8196 | D:10     | Noticed a centaur warrior
  8211 | D:10     | 8211 ||| INVOKING Heroism.
  8220 | D:10     | Killed a centaur warrior
  8220 | D:10     | Identified the +5 short sword of Fibuipho {vorpal, Fly rF+}
                  | (Okawaru gifted it to you on level 10 of the Dungeon)
  8220 | D:10     | Received a gift from Okawaru
  8221 | D:10     | Reached skill level 3 in Throwing
  8233 | D:10     | Found Ampulaiz's Antique Weapon Boutique.
  8238 | D:10     | Reached skill level 9 in Invocations
  8251 | D:10     | 8251 ||| READING scroll of enchant weapon.
  8251 | D:10     | 8251 ||| ENCHANTING +1 vampiric hand axe.
  8281 | D:10     | 8281 ||| INVOKING Heroism.
  8340 | D:10     | 8340 ||| INVOKING Heroism.
  8343 | D:10     | Found Ygissoot's Antique Weapon Emporium.
  8350 | D:10     | 8350 ||| UPGRADING to +2 cloak of willpower.
  8356 | D:10     | Reached XP level 12. HP: 73/73 MP: 19/19
  8356 | D:10     | 8356 ||| UPGRADING to +2 cloak of willpower.
  8366 | D:10     | 8366 ||| DROPPING +2 cloak of preservation.
  8367 | D:10     | 8367 ||| DROPPING +3 chain mail of poison resistance.
  8368 | D:10     | 8368 ||| DROPPING +0 pair of boots of stealth.
  8369 | D:10     | 8369 ||| UPGRADING to amulet of reflection.
  8374 | D:10     | 8374 ||| DROPPING amulet of magic regeneration.
  8375 | D:10     | 8375 ||| READING scroll labelled SEFFEU REESIWK.
  8376 | D:10     | 8376 ||| READING scroll labelled QAUHENN HURANT.
  8525 | D:9      | 8525 ||| INVOKING Heroism.
  8575 | D:9      | Identified the +6 leather armour of Diatak {Fly Regen+
                  | Slay+2}
  8620 | D:9      | Noticed a boulder beetle
  8621 | D:9      | 8621 ||| INVOKING Heroism.
  8622 | D:9      | 8622 ||| INVOKING Finesse.
  8622 | D:9      | Noticed a two-headed ogre
  8654 | D:9      | Killed a two-headed ogre
  8685 | D:9      | Killed a boulder beetle
  8808 | D:9      | 8808 ||| INVOKING Heroism.
  8845 | D:9      | Found a staircase to the Lair.
  8864 | D:9      | Found a blossoming altar of Fedhas.
  8978 | D:9      | 8978 ||| BUYING potion of mutation (120 gold).
  8978 | D:9      | Bought a potion of mutation for 120 gold pieces
  8986 | D:9      | 8986 ||| PLANNING LAIR
  8986 | D:9      | 8986 ||| UPGRADING to +6 leather armour of Diatak {Fly
                  | Regen+ Slay+2}.
  8996 | D:9      | 8996 ||| READING 3 scrolls of identify.
  8996 | D:9      | 8996 ||| IDENTIFYING black potion
  8997 | D:9      | 8997 ||| READING 2 scrolls of identify.
  8997 | D:9      | 8997 ||| IDENTIFYING puce potion
  9039 | Lair:1   | Entered Level 1 of the Lair of Beasts
  9052 | Lair:1   | 9052 ||| INVOKING Heroism.
  9076 | Lair:1   | 9076 ||| INVOKING Heroism.
  9120 | Lair:1   | 9120 ||| INVOKING Heroism.
  9316 | Lair:1   | 9316 ||| INVOKING Heroism.
  9344 | Lair:1   | Received a gift from Okawaru
  9367 | Lair:1   | Identified the +0 helmet of Qymnow {Contam *Corrode +Inv
                  | rC++}
  9534 | Lair:1   | 9534 ||| INVOKING Heroism.
  9555 | Lair:1   | 9555 ||| INVOKING Heroism.
  9561 | Lair:1   | Reached skill level 9 in Fighting
  9566 | Lair:1   | Found a snail-covered altar of Cheibriados.
  9597 | Lair:1   | 9597 ||| INVOKING Heroism.
  9780 | Lair:1   | 9780 ||| UPGRADING to +0 helmet of Qymnow {Contam *Corrode
                  | +Inv rC++}.
  9790 | Lair:1   | 9790 ||| READING 2 scrolls of identify.
  9790 | Lair:1   | 9790 ||| IDENTIFYING dark potion
  9791 | Lair:1   | 9791 ||| DROPPING potion of ambrosia.
  9847 | Lair:2   | 9847 ||| INVOKING Heroism.
  9938 | Lair:2   | Reached skill level 12 in Axes
 10003 | Lair:2   | 10003 ||| Stepping ~*~*~tactically~*~*~ (stealth).
 10006 | Lair:2   | 10006 ||| Stepping ~*~*~tactically~*~*~ (stealth).
 10023 | Lair:2   | 10023 ||| Stepping ~*~*~tactically~*~*~ (stealth).
 10025 | Lair:2   | 10025 ||| Stepping ~*~*~tactically~*~*~ (stealth).
 10035 | Lair:2   | 10035 ||| Stepping ~*~*~tactically~*~*~ (stealth).
 10041 | Lair:2   | 10041 ||| Stepping ~*~*~tactically~*~*~ (stealth).
 10075 | Lair:2   | 10075 ||| INVOKING Heroism.
 10088 | Lair:2   | Reached XP level 13. HP: 80/80 MP: 18/20
 10127 | Lair:2   | 10127 ||| Stepping ~*~*~tactically~*~*~ (stealth).
 10130 | Lair:2   | 10130 ||| INVOKING Heroism.
 10156 | Lair:2   | Received a gift from Okawaru
 10174 | Lair:2   | 10174 ||| Stepping ~*~*~tactically~*~*~ (stealth).
 10202 | Lair:2   | 10202 ||| INVOKING Heroism.
 10284 | Lair:2   | 10284 ||| INVOKING Heroism.
 10531 | Lair:2   | 10531 ||| INVOKING Heroism.
 10692 | Lair:2   | 10692 ||| INVOKING Heroism.
 10772 | Lair:3   | 10772 ||| INVOKING Heroism.
 10773 | Lair:3   | 10773 ||| STAIRDANCE
 10792 | Lair:3   | 10792 ||| STAIRDANCE
 10821 | Lair:3   | 10821 ||| INVOKING Heroism.
 10847 | Lair:3   | 10847 ||| INVOKING Heroism.
 10892 | Lair:3   | 10892 ||| Stepping ~*~*~tactically~*~*~ (stealth).
 10900 | Lair:3   | 10900 ||| INVOKING Heroism.
 11095 | Lair:3   | Noticed Fannar
 11100 | Lair:3   | Received a gift from Okawaru
 11102 | Lair:3   | 11102 ||| SWAPPING to +4 vorpal war axe.
 11103 | Lair:3   | 11103 ||| DROPPING +2 vampiric hand axe.
 11104 | Lair:3   | 11104 ||| DROPPING +2 war axe.
 11110 | Lair:3   | Found a staircase to the Shoals.
 11114 | Lair:3   | 11114 ||| INVOKING Heroism.
 11133 | Lair:3   | Killed Fannar
 11200 | Lair:3   | 11200 ||| INVOKING Heroism.
 11238 | Lair:3   | Found a staircase to the Snake Pit.
 11264 | Lair:3   | 11264 ||| INVOKING Heroism.
 11440 | Lair:3   | 11440 ||| INVOKING Heroism.
 11894 | Lair:4   | Identified the +6 dagger of Conscience {vorpal, Will+}
 11896 | Lair:4   | 11896 ||| INVOKING Heroism.
 11912 | Lair:4   | 11912 ||| READING scroll of enchant armour.
 11912 | Lair:4   | 11912 ||| ENCHANTING +1 pair of boots.
 11986 | Lair:4   | 11986 ||| INVOKING Heroism.
 12154 | Lair:4   | 12154 ||| INVOKING Heroism.
 12202 | Lair:4   | Identified the +3 long sword of Yceag {vorpal, rN+ Str+3
                  | Int-4}
 12244 | Lair:4   | Found a staircase to the Slime Pits.
 12247 | Lair:4   | Found a viscous altar of Jiyva.
 12505 | Lair:4   | Found a runed translucent door.
 12506 | Lair:4   | Noticed Raneoc's ghost (journeyman MiFi)
 12508 | Lair:4   | Identified the +0 trident of Kismet {vorpal, rC- Dex+5}
 12659 | Lair:4   | 12659 ||| UPGRADING to ring of protection from fire.
 12676 | Lair:5   | Entered Level 5 of the Lair of Beasts
 12679 | Lair:5   | 12679 ||| Stepping ~*~*~tactically~*~*~ (hiding).
 12781 | Lair:5   | 12781 ||| Stepping ~*~*~tactically~*~*~ (hiding).
 12808 | Lair:5   | 12808 ||| Stepping ~*~*~tactically~*~*~ (hiding).
 12829 | Lair:5   | 12829 ||| INVOKING Heroism.
 12846 | Lair:5   | 12846 ||| Stepping ~*~*~tactically~*~*~ (stealth).
 12851 | Lair:5   | 12851 ||| Stepping ~*~*~tactically~*~*~ (stealth).
 12856 | Lair:5   | 12856 ||| Stepping ~*~*~tactically~*~*~ (stealth).
 12858 | Lair:5   | 12858 ||| INVOKING Heroism.
 12859 | Lair:5   | 12859 ||| Stepping ~*~*~tactically~*~*~ (stealth).
 12860 | Lair:5   | 12860 ||| Stepping ~*~*~tactically~*~*~ (stealth).
 12873 | Lair:5   | 12873 ||| Stepping ~*~*~tactically~*~*~ (hiding).
 12898 | Lair:5   | 12898 ||| Stepping ~*~*~tactically~*~*~ (stealth).
 12901 | Lair:5   | 12901 ||| Stepping ~*~*~tactically~*~*~ (stealth).
 12902 | Lair:5   | 12902 ||| Stepping ~*~*~tactically~*~*~ (stealth).
 12904 | Lair:5   | 12904 ||| Stepping ~*~*~tactically~*~*~ (stealth).
 12906 | Lair:5   | 12906 ||| Stepping ~*~*~tactically~*~*~ (stealth).
 12908 | Lair:5   | 12908 ||| Stepping ~*~*~tactically~*~*~ (stealth).
 12910 | Lair:5   | 12910 ||| INVOKING Heroism.
 12912 | Lair:5   | Received a gift from Okawaru
 12927 | Lair:5   | 12927 ||| Stepping ~*~*~tactically~*~*~ (stealth).
 12928 | Lair:5   | 12928 ||| Stepping ~*~*~tactically~*~*~ (stealth).
 12929 | Lair:5   | 12929 ||| Stepping ~*~*~tactically~*~*~ (stealth).
 12932 | Lair:5   | 12932 ||| Stepping ~*~*~tactically~*~*~ (stealth).
 12937 | Lair:5   | Noticed a fire dragon
 12938 | Lair:5   | 12938 ||| INVOKING Heroism.
 12939 | Lair:5   | 12939 ||| INVOKING Finesse.
 12945 | Lair:5   | Killed a fire dragon
 13002 | Lair:5   | 13002 ||| Stepping ~*~*~tactically~*~*~ (stealth).
 13050 | Lair:5   | 13050 ||| INVOKING Heroism.
 13056 | Lair:5   | 13056 ||| INVOKING Finesse.
 13060 | Lair:5   | 13060 ||| Stepping ~*~*~tactically~*~*~ (stealth).
 13063 | Lair:5   | 13063 ||| Stepping ~*~*~tactically~*~*~ (stealth).
 13065 | Lair:5   | Gained mutation: Your large and strong wings let you fly.
                  | [Gargoyle growth]
 13065 | Lair:5   | Reached XP level 14. HP: 87/90 MP: 14/21
 13070 | Lair:5   | 13070 ||| Stepping ~*~*~tactically~*~*~ (stealth).
 13081 | Lair:5   | Reached skill level 12 in Shields
 13115 | Lair:5   | Received a gift from Okawaru
 13137 | Lair:5   | 13137 ||| SWAPPING to +4 broad axe of electrocution.
 13138 | Lair:5   | 13138 ||| DROPPING +4 vorpal war axe.
 13223 | Lair:5   | 13223 ||| INVOKING Heroism.
 13258 | Lair:5   | 13258 ||| INVOKING Finesse.
 13288 | Lair:5   | 13288 ||| Stepping ~*~*~tactically~*~*~ (stealth).
 13289 | Lair:5   | 13289 ||| Stepping ~*~*~tactically~*~*~ (stealth).
 13290 | Lair:5   | 13290 ||| Stepping ~*~*~tactically~*~*~ (stealth).
 13316 | Lair:5   | Found a corrupted altar of Lugonu.
 13317 | Lair:5   | Found a one-way gate to the infinite horrors of the Abyss.
 13345 | Lair:5   | Reached skill level 15 in Axes
 13417 | Lair:5   | 13417 ||| Stepping ~*~*~tactically~*~*~ (stealth).
 13419 | Lair:5   | 13419 ||| Stepping ~*~*~tactically~*~*~ (stealth).
 13420 | Lair:5   | 13420 ||| Stepping ~*~*~tactically~*~*~ (stealth).
 13430 | Lair:5   | 13430 ||| INVOKING Heroism.
 13431 | Lair:5   | 13431 ||| INVOKING Finesse.
 13439 | Lair:5   | 13439 ||| READING 6 scrolls of teleportation.
 13687 | Lair:5   | 13687 ||| Stepping ~*~*~tactically~*~*~ (stealth).
 13693 | Lair:5   | 13693 ||| INVOKING Heroism.
 13699 | Lair:5   | 13699 ||| Stepping ~*~*~tactically~*~*~ (hiding).
 13704 | Lair:5   | Reached skill level 12 in Fighting
 13720 | Lair:5   | 13720 ||| Stepping ~*~*~tactically~*~*~ (stealth).
 13724 | Lair:5   | 13724 ||| Stepping ~*~*~tactically~*~*~ (stealth).
 13726 | Lair:5   | 13726 ||| Stepping ~*~*~tactically~*~*~ (stealth).
 13728 | Lair:5   | 13728 ||| Stepping ~*~*~tactically~*~*~ (hiding).
 13740 | Lair:5   | 13740 ||| Stepping ~*~*~tactically~*~*~ (stealth).
 13748 | Lair:5   | 13748 ||| SWAPPING to +2 morningstar of freezing.
 13749 | Lair:5   | 13749 ||| INVOKING Finesse.
 13753 | Lair:5   | 13753 ||| SWAPPING to +4 broad axe of electrocution.
 13777 | Lair:5   | 13777 ||| Stepping ~*~*~tactically~*~*~ (stealth).
 13778 | Lair:5   | 13778 ||| Stepping ~*~*~tactically~*~*~ (stealth).
 13791 | Lair:5   | 13791 ||| Stepping ~*~*~tactically~*~*~ (stealth).
 13792 | Lair:5   | 13792 ||| Stepping ~*~*~tactically~*~*~ (stealth).
 13794 | Lair:5   | 13794 ||| Stepping ~*~*~tactically~*~*~ (stealth).
 13805 | Lair:5   | 13805 ||| INVOKING Heroism.
 13816 | Lair:5   | 13816 ||| Stepping ~*~*~tactically~*~*~ (stealth).
 13818 | Lair:5   | 13818 ||| Stepping ~*~*~tactically~*~*~ (stealth).
 13824 | Lair:5   | 13824 ||| Stepping ~*~*~tactically~*~*~ (stealth).
 13825 | Lair:5   | 13825 ||| Stepping ~*~*~tactically~*~*~ (stealth).
 13834 | Lair:5   | 13834 ||| Stepping ~*~*~tactically~*~*~ (stealth).
 13942 | Lair:5   | 13942 ||| Stepping ~*~*~tactically~*~*~ (stealth).
 13944 | Lair:5   | 13944 ||| Stepping ~*~*~tactically~*~*~ (hiding).
 13945 | Lair:5   | 13945 ||| Stepping ~*~*~tactically~*~*~ (stealth).
 13946 | Lair:5   | 13946 ||| Stepping ~*~*~tactically~*~*~ (hiding).
 13949 | Lair:5   | 13949 ||| INVOKING Heroism.
 13961 | Lair:5   | 13961 ||| Stepping ~*~*~tactically~*~*~ (stealth).
 13971 | Lair:5   | 13971 ||| Stepping ~*~*~tactically~*~*~ (stealth).
 14024 | Lair:5   | 14024 ||| Stepping ~*~*~tactically~*~*~ (hiding).
 14037 | Lair:5   | 14037 ||| INVOKING Heroism.
 14042 | Lair:5   | 14042 ||| Stepping ~*~*~tactically~*~*~ (hiding).
 14055 | Lair:5   | 14055 ||| Stepping ~*~*~tactically~*~*~ (hiding).
 14079 | Lair:5   | 14079 ||| Stepping ~*~*~tactically~*~*~ (stealth).
 14080 | Lair:5   | 14080 ||| Stepping ~*~*~tactically~*~*~ (stealth).
 14082 | Lair:5   | 14082 ||| Stepping ~*~*~tactically~*~*~ (stealth).
 14086 | Lair:5   | 14086 ||| Stepping ~*~*~tactically~*~*~ (stealth).
 14088 | Lair:5   | 14088 ||| Stepping ~*~*~tactically~*~*~ (stealth).
 14094 | Lair:5   | 14094 ||| Stepping ~*~*~tactically~*~*~ (stealth).
 14106 | Lair:5   | 14106 ||| Stepping ~*~*~tactically~*~*~ (stealth).
 14111 | Lair:5   | 14111 ||| Stepping ~*~*~tactically~*~*~ (stealth).
 14112 | Lair:5   | 14112 ||| Stepping ~*~*~tactically~*~*~ (stealth).
 14113 | Lair:5   | 14113 ||| Stepping ~*~*~tactically~*~*~ (stealth).
 14118 | Lair:5   | 14118 ||| Stepping ~*~*~tactically~*~*~ (stealth).
 14119 | Lair:5   | 14119 ||| Stepping ~*~*~tactically~*~*~ (stealth).
 14120 | Lair:5   | 14120 ||| Stepping ~*~*~tactically~*~*~ (stealth).
 14300 | Lair:5   | 14300 ||| PLANNING D:1-11
 14300 | Lair:5   | 14300 ||| UPGRADING to +0 plate armour.
 14310 | Lair:5   | 14310 ||| DROPPING +6 leather armour of Diatak {Fly Regen+
                  | Slay+2}.
 14311 | Lair:5   | 14311 ||| READING scroll labelled OHANUXZ LAMN.
 14312 | Lair:5   | 14312 ||| READING 5 scrolls of identify.
 14312 | Lair:5   | 14312 ||| IDENTIFYING smoky sapphire potion
 14313 | Lair:5   | 14313 ||| READING 4 scrolls of identify.
 14313 | Lair:5   | 14313 ||| IDENTIFYING green potion
 14314 | Lair:5   | 14314 ||| DROPPING potion of invisibility.
 14315 | Lair:5   | 14315 ||| DROPPING potion of berserk rage.
 14493 | D:10     | 14493 ||| Stepping ~*~*~tactically~*~*~ (hiding).
 14577 | D:10     | 14577 ||| INVOKING Heroism.
 14661 | D:10     | 14661 ||| READING scroll of enchant weapon.
 14661 | D:10     | 14661 ||| ENCHANTING +4 broad axe of electrocution.
 14907 | D:10     | 14907 ||| Stepping ~*~*~tactically~*~*~ (stealth).
 14976 | D:11     | 14976 ||| Stepping ~*~*~tactically~*~*~ (stealth).
 15115 | D:11     | 15115 ||| FLEEEEING.
 15116 | D:11     | 15116 ||| FLEEEEING.
 15117 | D:11     | 15117 ||| FLEEEEING.
 15118 | D:11     | 15118 ||| FLEEEEING.
 15119 | D:11     | 15119 ||| FLEEEEING.
 15120 | D:11     | 15120 ||| STAIRDANCE
 15162 | D:11     | 15162 ||| Stepping ~*~*~tactically~*~*~ (hiding).
 15169 | D:11     | 15169 ||| STAIRDANCE
 15265 | D:11     | Found a staircase to the Orcish Mines.
 15527 | D:11     | Reached skill level 9 in Armour
 15546 | D:11     | Reached ****** piety under Okawaru
 15558 | D:11     | 15558 ||| Stepping ~*~*~tactically~*~*~ (stealth).
 15559 | D:11     | 15559 ||| Stepping ~*~*~tactically~*~*~ (stealth).
 15573 | D:11     | 15573 ||| Stepping ~*~*~tactically~*~*~ (hiding).
 15581 | D:11     | Reached XP level 15. HP: 95/96 MP: 22/22
 15600 | D:11     | Identified the +2 scale mail of the Undertaker {Contam
                  | rElec Int+3}
 15603 | D:11     | Identified the +7 plate armour of Zagure {Rampage rPois rC+
                  | rCorr} (Okawaru gifted it to you on level 11 of the
                  | Dungeon)
 15603 | D:11     | Received a gift from Okawaru
 15616 | D:11     | 15616 ||| READING scroll of enchant weapon.
 15616 | D:11     | 15616 ||| ENCHANTING +5 broad axe of electrocution.
 15736 | D:11     | 15736 ||| PLANNING D
 15736 | D:11     | 15736 ||| UPGRADING to +7 plate armour of Zagure {Rampage
                  | rPois rC+ rCorr}.
 15746 | D:11     | 15746 ||| DROPPING +0 plate armour.
 15747 | D:11     | 15747 ||| DROPPING +0 acid dragon scales.
 15790 | D:12     | 15790 ||| Stepping randomly (disturbance).
 15853 | D:12     | 15853 ||| FLEEEEING.
 15854 | D:12     | 15854 ||| FLEEEEING.
 15855 | D:12     | 15855 ||| FLEEEEING.
 15856 | D:12     | 15856 ||| FLEEEEING.
 16345 | D:12     | 16345 ||| READING scroll of enchant weapon.
 16345 | D:12     | 16345 ||| ENCHANTING +6 broad axe of electrocution.
 16674 | D:12     | Reached skill level 10 in Armour
 16784 | D:12     | 16784 ||| Stepping ~*~*~tactically~*~*~ (hiding).
 16787 | D:12     | 16787 ||| INVOKING Heroism.
 16791 | D:12     | 16791 ||| INVOKING Finesse.
 16792 | D:12     | 16792 ||| SWAPPING to +2 morningstar of freezing.
 16800 | D:12     | 16800 ||| SWAPPING to +7 broad axe of electrocution.
 16806 | D:12     | Reached skill level 11 in Armour
 16815 | D:12     | 16815 ||| Stepping ~*~*~tactically~*~*~ (stealth).
 16859 | D:12     | 16859 ||| Stepping ~*~*~tactically~*~*~ (stealth).
 16865 | D:12     | 16865 ||| INVOKING Heroism.
 16889 | D:12     | 16889 ||| FLEEEEING.
 16891 | D:12     | 16891 ||| FLEEEEING.
 16947 | D:12     | Noticed Lodul
 16948 | D:12     | 16948 ||| FLEEEEING.
 17046 | D:12     | 17046 ||| FLEEEEING.
 17050 | D:12     | 17050 ||| INVOKING Heroism.
 17053 | D:12     | Killed Lodul
 17098 | D:12     | 17098 ||| FLEEEEING.
 17099 | D:12     | 17099 ||| FLEEEEING.
 17222 | D:12     | 17222 ||| DROPPING +2 morningstar of freezing.
 17277 | D:12     | 17277 ||| Stepping ~*~*~tactically~*~*~ (stealth).
 17278 | D:12     | 17278 ||| Stepping ~*~*~tactically~*~*~ (stealth).
 17280 | D:12     | 17280 ||| Stepping ~*~*~tactically~*~*~ (stealth).
 17283 | D:12     | 17283 ||| INVOKING Heroism.
 17450 | D:13     | 17450 ||| INVOKING Heroism.
 17466 | D:13     | Reached skill level 12 in Armour
 17513 | D:13     | Found a gate to the Vaults.
 17675 | D:13     | 17675 ||| INVOKING Heroism.
 17735 | D:13     | 17735 ||| Stepping ~*~*~tactically~*~*~ (hiding).
 17966 | D:13     | 17966 ||| INVOKING Heroism.
 17967 | D:13     | 17967 ||| SWAPPING to +1 hand axe of flaming.
 17975 | D:13     | 17975 ||| SWAPPING to +7 broad axe of electrocution.
 18019 | D:13     | 18019 ||| Stepping ~*~*~tactically~*~*~ (stealth).
 18267 | D:13     | Identified the +5 plate armour of the Doldrums {Regen+}
 18471 | D:14     | 18471 ||| FLEEEEING.
 18472 | D:14     | 18472 ||| FLEEEEING.
 18473 | D:14     | 18473 ||| FLEEEEING.
 18474 | D:14     | 18474 ||| FLEEEEING.
 18475 | D:14     | 18475 ||| FLEEEEING.
 18485 | D:14     | 18485 ||| INVOKING Heroism.
 18737 | D:14     | 18737 ||| Stepping ~*~*~tactically~*~*~ (hiding).
 18884 | D:14     | Received a gift from Okawaru
 18994 | D:14     | 18994 ||| DROPPING ring of willpower.
 18995 | D:14     | 18995 ||| UPGRADING to +6 ring of strength.
 18997 | D:14     | 18997 ||| READING scroll labelled ZUOBRIA NUEFO.
 19104 | D:15     | Entered Level 15 of the Dungeon
 19117 | D:15     | 19117 ||| Stepping ~*~*~tactically~*~*~ (hiding).
 19279 | D:15     | Identified the +2 short sword of Gostrusk {drain, Contam
                  | +Blink rElec rPois}
 19302 | D:15     | 19302 ||| Stepping ~*~*~tactically~*~*~ (stealth).
 19303 | D:15     | 19303 ||| Stepping ~*~*~tactically~*~*~ (stealth).
 19318 | D:15     | 19318 ||| Stepping ~*~*~tactically~*~*~ (stealth).
 19332 | D:15     | Identified the +0 plate armour of Submission {rElec}
                  | (Okawaru gifted it to you on level 15 of the Dungeon)
 19332 | D:15     | Received a gift from Okawaru
 19341 | D:15     | 19341 ||| Stepping ~*~*~tactically~*~*~ (hiding).
 19454 | D:15     | 19454 ||| Stepping ~*~*~tactically~*~*~ (stealth).
 19458 | D:15     | 19458 ||| INVOKING Heroism.
 19486 | D:15     | Found a staircase to the Depths.
 19560 | D:15     | 19560 ||| Stepping ~*~*~tactically~*~*~ (hiding).
 19561 | D:15     | 19561 ||| Stepping ~*~*~tactically~*~*~ (hiding).
 19562 | D:15     | 19562 ||| INVOKING Heroism.
 19655 | D:15     | 19655 ||| Stepping ~*~*~tactically~*~*~ (stealth).
 19658 | D:15     | 19658 ||| INVOKING Heroism.
 19659 | D:15     | 19659 ||| Stepping ~*~*~tactically~*~*~ (stealth).
 19674 | D:15     | Reached XP level 16. HP: 90/101 MP: 23/23
 19812 | D:15     | Found a sparkling altar of Nemelex Xobeh.
 19822 | D:15     | 19822 ||| FLEEEEING.
 19823 | D:15     | 19823 ||| FLEEEEING.
 19824 | D:15     | 19824 ||| FLEEEEING.
 19825 | D:15     | 19825 ||| FLEEEEING.
 19826 | D:15     | 19826 ||| FLEEEEING.
 19827 | D:15     | 19827 ||| FLEEEEING.
 19829 | D:15     | 19829 ||| FLEEEEING.
 19830 | D:15     | 19830 ||| FLEEEEING.
 20087 | D:15     | 20087 ||| PLANNING ORC
 20087 | D:15     | 20087 ||| DROPPING scarf of invisibility.
 20251 | Orc:1    | Entered Level 1 of the Orcish Mines
 20253 | Orc:1    | 20253 ||| Stepping ~*~*~tactically~*~*~ (hiding).
 20255 | Orc:1    | 20255 ||| Stepping ~*~*~tactically~*~*~ (hiding).
 20256 | Orc:1    | 20256 ||| Stepping ~*~*~tactically~*~*~ (hiding).
 20271 | Orc:1    | 20271 ||| INVOKING Heroism.
 20362 | Orc:1    | 20362 ||| Stepping ~*~*~tactically~*~*~ (hiding).
 20367 | Orc:1    | 20367 ||| INVOKING Heroism.
 20438 | Orc:1    | 20438 ||| Stepping ~*~*~tactically~*~*~ (stealth).
 20439 | Orc:1    | 20439 ||| Stepping ~*~*~tactically~*~*~ (stealth).
 20440 | Orc:1    | 20440 ||| Stepping ~*~*~tactically~*~*~ (hiding).
 20444 | Orc:1    | 20444 ||| Stepping ~*~*~tactically~*~*~ (hiding).
 20482 | Orc:1    | Noticed qw's ghost (adept GrFi)
 20527 | Orc:1    | Found a transporter.
 20543 | Orc:1    | 20543 ||| INVOKING Heroism.
 20569 | Orc:1    | Found a transporter.
 20608 | Orc:1    | 20608 ||| INVOKING Heroism.
 20713 | Orc:1    | 20713 ||| Stepping ~*~*~tactically~*~*~ (hiding).
 20714 | Orc:1    | 20714 ||| Stepping ~*~*~tactically~*~*~ (stealth).
 20715 | Orc:1    | 20715 ||| Stepping ~*~*~tactically~*~*~ (stealth).
 20723 | Orc:1    | 20723 ||| Stepping ~*~*~tactically~*~*~ (stealth).
 20748 | Orc:1    | Found a bloodstained altar of Trog.
 20765 | Orc:1    | 20765 ||| Stepping ~*~*~tactically~*~*~ (stealth).
 20766 | Orc:1    | 20766 ||| Stepping ~*~*~tactically~*~*~ (stealth).
 20852 | Orc:1    | 20852 ||| Stepping ~*~*~tactically~*~*~ (stealth).
 20858 | Orc:1    | 20858 ||| INVOKING Heroism.
 21050 | Orc:2    | Entered Level 2 of the Orcish Mines
 21108 | Orc:2    | Found Uviel's Magic Scroll Shop.
 21118 | Orc:2    | 21118 ||| BUYING scroll of identify (30 gold).
 21118 | Orc:2    | Bought a scroll of identify for 30 gold pieces
 21118 | Orc:2    | 21118 ||| BUYING scroll of teleportation (45 gold).
 21118 | Orc:2    | Bought a scroll of teleportation for 45 gold pieces
 21118 | Orc:2    | 21118 ||| BUYING scroll of teleportation (45 gold).
 21118 | Orc:2    | Bought a scroll of teleportation for 45 gold pieces
 21398 | Orc:2    | 21398 ||| INVOKING Heroism.
 21402 | Orc:2    | 21402 ||| Stepping ~*~*~tactically~*~*~ (hiding).
 21403 | Orc:2    | 21403 ||| Stepping ~*~*~tactically~*~*~ (hiding).
 21406 | Orc:2    | 21406 ||| Stepping ~*~*~tactically~*~*~ (hiding).
 21407 | Orc:2    | 21407 ||| Stepping ~*~*~tactically~*~*~ (hiding).
 21408 | Orc:2    | 21408 ||| Stepping ~*~*~tactically~*~*~ (hiding).
 21409 | Orc:2    | 21409 ||| Stepping ~*~*~tactically~*~*~ (hiding).
 21411 | Orc:2    | 21411 ||| Stepping ~*~*~tactically~*~*~ (hiding).
 21430 | Orc:2    | 21430 ||| Stepping ~*~*~tactically~*~*~ (stealth).
 21458 | Orc:2    | 21458 ||| Stepping ~*~*~tactically~*~*~ (hiding).
 21459 | Orc:2    | 21459 ||| Stepping ~*~*~tactically~*~*~ (hiding).
 21460 | Orc:2    | 21460 ||| Stepping ~*~*~tactically~*~*~ (hiding).
 21462 | Orc:2    | 21462 ||| Stepping ~*~*~tactically~*~*~ (hiding).
 21463 | Orc:2    | 21463 ||| INVOKING Heroism.
 21468 | Orc:2    | 21468 ||| Stepping ~*~*~tactically~*~*~ (stealth).
 21484 | Orc:2    | Reached skill level 13 in Armour
 21560 | Orc:2    | 21560 ||| FLEEEEING.
 21561 | Orc:2    | 21561 ||| FLEEEEING.
 21562 | Orc:2    | 21562 ||| FLEEEEING.
 21564 | Orc:2    | 21564 ||| FLEEEEING.
 21567 | Orc:2    | 21567 ||| Stepping ~*~*~tactically~*~*~ (stealth).
 21597 | Orc:2    | Found Xoxucw's Book Shoppe.
 21597 | Orc:2    | Found Epeinwocri's Magic Scroll Shop.
 21598 | Orc:2    | Found Holoh's Weapon Boutique.
 21598 | Orc:2    | Found Miolec's Weapon Shoppe.
 21608 | Orc:2    | 21608 ||| BUYING 3 scrolls of identify (84 gold).
 21608 | Orc:2    | Bought 3 scrolls of identify for 84 gold pieces
 21608 | Orc:2    | 21608 ||| BUYING scroll of teleportation (42 gold).
 21608 | Orc:2    | Bought a scroll of teleportation for 42 gold pieces
 21608 | Orc:2    | 21608 ||| BUYING scroll of teleportation (42 gold).
 21608 | Orc:2    | Bought a scroll of teleportation for 42 gold pieces
 21608 | Orc:2    | 21608 ||| BUYING scroll of teleportation (42 gold).
 21608 | Orc:2    | Bought a scroll of teleportation for 42 gold pieces
 21647 | Orc:2    | 21647 ||| INVOKING Heroism.
 21716 | Orc:2    | Found a staircase to the Elven Halls.
 21734 | Orc:2    | 21734 ||| Stepping ~*~*~tactically~*~*~ (hiding).
 21736 | Orc:2    | 21736 ||| Stepping ~*~*~tactically~*~*~ (hiding).
 21908 | Orc:2    | Identified the +1 pair of boots of Weotevod {rC- Str+8}
                  | (Okawaru gifted it to you on level 2 of the Orcish Mines)
 21908 | Orc:2    | Received a gift from Okawaru
 22099 | Orc:2    | 22099 ||| PLANNING SHOALS:1-3
 22099 | Orc:2    | 22099 ||| UPGRADING to +1 pair of boots of Weotevod {rC-
                  | Str+8}.
 22268 | Shoals:1 | Entered Level 1 of the Shoals
 22269 | Shoals:1 | 22269 ||| INVOKING Heroism.
 22301 | Shoals:1 | 22301 ||| INVOKING Finesse.
 22314 | Shoals:1 | 22314 ||| INVOKING Heroism.
 22630 | Shoals:1 | 22630 ||| INVOKING Heroism.
 22650 | Shoals:1 | Reached skill level 6 in Throwing
 22944 | Shoals:1 | Found a shimmering altar of Xom.
 22945 | Shoals:1 | 22945 ||| Stepping ~*~*~tactically~*~*~ (stealth).
 22947 | Shoals:1 | 22947 ||| INVOKING Heroism.
 23056 | Shoals:1 | 23056 ||| READING scroll of enchant weapon.
 23056 | Shoals:1 | 23056 ||| ENCHANTING +7 broad axe of electrocution.
 23189 | Shoals:1 | 23189 ||| DROPPING scarf of invisibility.
 23190 | Shoals:1 | 23190 ||| READING scroll labelled ONWIMO ZAYNA.
 23220 | Shoals:2 | 23220 ||| INVOKING Heroism.
 23364 | Shoals:2 | 23364 ||| INVOKING Heroism.
 23365 | Shoals:2 | 23365 ||| INVOKING Finesse.
 23646 | Shoals:2 | 23646 ||| INVOKING Heroism.
 23647 | Shoals:2 | 23647 ||| INVOKING Finesse.
 23680 | Shoals:2 | 23680 ||| Stepping ~*~*~tactically~*~*~ (stealth).
 23687 | Shoals:2 | 23687 ||| Stepping ~*~*~tactically~*~*~ (stealth).
 23688 | Shoals:2 | 23688 ||| Stepping ~*~*~tactically~*~*~ (stealth).
 23707 | Shoals:2 | 23707 ||| Stepping ~*~*~tactically~*~*~ (stealth).
 23713 | Shoals:2 | 23713 ||| Stepping ~*~*~tactically~*~*~ (stealth).
 23716 | Shoals:2 | 23716 ||| Stepping ~*~*~tactically~*~*~ (stealth).
 23725 | Shoals:2 | 23725 ||| Stepping ~*~*~tactically~*~*~ (stealth).
 23726 | Shoals:2 | 23726 ||| Stepping ~*~*~tactically~*~*~ (stealth).
 23729 | Shoals:2 | 23729 ||| Stepping ~*~*~tactically~*~*~ (stealth).
 23730 | Shoals:2 | 23730 ||| Stepping ~*~*~tactically~*~*~ (stealth).
 23732 | Shoals:2 | 23732 ||| Stepping ~*~*~tactically~*~*~ (stealth).
 23733 | Shoals:2 | 23733 ||| Stepping ~*~*~tactically~*~*~ (stealth).
 23736 | Shoals:2 | 23736 ||| Stepping ~*~*~tactically~*~*~ (stealth).
 23741 | Shoals:2 | 23741 ||| INVOKING Heroism.
 23951 | Shoals:2 | 23951 ||| INVOKING Heroism.
 23957 | Shoals:2 | Reached skill level 18 in Axes
 24186 | Shoals:2 | 24186 ||| READING scroll of brand weapon.
 24186 | Shoals:2 | 24186 ||| BRANDING +8 broad axe of venom.
 24187 | Shoals:2 | 24187 ||| DROPPING +1 hand axe of flaming.
 24236 | Shoals:2 | Identified the amulet of Qoufunk {Spirit Harm Int+2}
 24260 | Shoals:2 | 24260 ||| Stepping ~*~*~tactically~*~*~ (stealth).
 24261 | Shoals:2 | 24261 ||| Stepping ~*~*~tactically~*~*~ (stealth).
 24473 | Shoals:2 | 24473 ||| DROPPING amulet of Qoufunk {Spirit Harm Int+2}.
 24544 | Shoals:3 | Noticed Aizul
 24545 | Shoals:3 | 24545 ||| STAIRDANCE
 24547 | Shoals:2 | 24547 ||| INVOKING Heroism.
 24548 | Shoals:2 | 24548 ||| INVOKING Finesse.
 24549 | Shoals:2 | 24549 ||| INVOKING Finesse.
 24554 | Shoals:2 | Killed Aizul
 24591 | Shoals:3 | 24591 ||| INVOKING Heroism.
 24595 | Shoals:3 | Reached XP level 17. HP: 103/109 MP: 21/24
 24745 | Shoals:3 | Noticed Ilsuiw
 24746 | Shoals:3 | 24746 ||| INVOKING Heroism.
 24747 | Shoals:3 | 24747 ||| INVOKING Finesse.
 24752 | Shoals:3 | Noticed Polyphemus
 24757 | Shoals:3 | Killed Ilsuiw
 24775 | Shoals:3 | Killed Polyphemus
 24981 | Shoals:3 | 24981 ||| INVOKING Heroism.
 24982 | Shoals:3 | Received a gift from Okawaru
 24986 | Shoals:3 | Reached skill level 3 in Dodging
 24986 | Shoals:3 | 24986 ||| INVOKING Finesse.
 25053 | Shoals:3 | 25053 ||| INVOKING Heroism.
 25065 | Shoals:3 | Received a gift from Okawaru
 25302 | Shoals:3 | Noticed a kraken
 25304 | Shoals:3 | 25304 ||| INVOKING Heroism.
 25310 | Shoals:3 | Killed a kraken
 25751 | Shoals:3 | 25751 ||| PLANNING SNAKE:1-3
 25751 | Shoals:3 | 25751 ||| DROPPING scarf of invisibility.
 25752 | Shoals:3 | 25752 ||| READING scroll labelled ROULAKL CUHO.
 25845 | Snake:1  | Entered Level 1 of the Snake Pit
 25846 | Snake:1  | 25846 ||| INVOKING Heroism.
 25857 | Snake:1  | Reached skill level 14 in Armour
 25954 | Snake:1  | 25954 ||| Stepping ~*~*~tactically~*~*~ (stealth).
 26013 | Snake:1  | 26013 ||| Stepping ~*~*~tactically~*~*~ (stealth).
 26023 | Snake:1  | 26023 ||| INVOKING Heroism.
 26375 | Snake:1  | 26375 ||| Stepping ~*~*~tactically~*~*~ (hiding).
 26509 | Snake:1  | Received a gift from Okawaru
 26566 | Snake:1  | 26566 ||| Stepping ~*~*~tactically~*~*~ (hiding).
 26571 | Snake:1  | 26571 ||| INVOKING Heroism.
 26672 | Snake:1  | Found the +7 Singing Sword {vorpal, sonic wave}
 26709 | Snake:1  | Found Rayfrake's Antique Weapon Shop.
 26711 | Snake:1  | Found Lebot's Book Boutique.
 26713 | Snake:1  | Found Huptunoff's Distillery.
 26721 | Snake:1  | 26721 ||| BUYING potion of curing (51 gold).
 26721 | Snake:1  | Bought a potion of curing for 51 gold pieces
 26721 | Snake:1  | 26721 ||| BUYING potion of curing (51 gold).
 26721 | Snake:1  | Bought a potion of curing for 51 gold pieces
 26721 | Snake:1  | 26721 ||| BUYING potion of curing (51 gold).
 26721 | Snake:1  | Bought a potion of curing for 51 gold pieces
 26721 | Snake:1  | 26721 ||| BUYING potion of haste (170 gold).
 26721 | Snake:1  | Bought a potion of haste for 170 gold pieces
 26721 | Snake:1  | 26721 ||| BUYING potion of might (68 gold).
 26721 | Snake:1  | Bought a potion of might for 68 gold pieces
 26721 | Snake:1  | 26721 ||| BUYING potion of mutation (136 gold).
 26721 | Snake:1  | Bought a potion of mutation for 136 gold pieces
 27184 | Snake:1  | 27184 ||| UPGRADING to +0 tower shield.
 27194 | Snake:1  | 27194 ||| DROPPING +0 kite shield.
 27195 | Snake:1  | 27195 ||| DROPPING scarf of invisibility.
 27196 | Snake:1  | 27196 ||| READING scroll labelled SUOCLO JUUCIEQ.
 27196 | Snake:1  | Identified a scroll of acquirement
 27196 | Snake:1  | 27196 ||| ACQUIRING +4 ring of protection
 27196 | Snake:1  | Acquired a +4 ring of protection
 27198 | Snake:1  | 27198 ||| UPGRADING to +4 ring of protection.
 27200 | Snake:1  | 27200 ||| DROPPING +6 ring of strength.
 27522 | Snake:2  | 27522 ||| READING scroll of enchant weapon.
 27522 | Snake:2  | 27522 ||| ENCHANTING +8 broad axe of flaming.
 27636 | Snake:2  | 27636 ||| Stepping ~*~*~tactically~*~*~ (hiding).
 27637 | Snake:2  | 27637 ||| Stepping ~*~*~tactically~*~*~ (hiding).
 27755 | Snake:2  | 27755 ||| Stepping ~*~*~tactically~*~*~ (stealth).
 27799 | Snake:2  | 27799 ||| Stepping ~*~*~tactically~*~*~ (stealth).
 27801 | Snake:2  | 27801 ||| Stepping ~*~*~tactically~*~*~ (stealth).
 27809 | Snake:2  | 27809 ||| Stepping ~*~*~tactically~*~*~ (stealth).
 27894 | Snake:2  | 27894 ||| INVOKING Heroism.
 28077 | Snake:2  | 28077 ||| DROPPING +6 ring of intelligence.
 28122 | Snake:3  | 28122 ||| Stepping ~*~*~tactically~*~*~ (stealth).
 28244 | Snake:3  | 28244 ||| Stepping ~*~*~tactically~*~*~ (hiding).
 28379 | Snake:3  | Found Cevvural's Gadget Gallery.
 28385 | Snake:3  | 28385 ||| Stepping ~*~*~tactically~*~*~ (hiding).
 28387 | Snake:3  | 28387 ||| INVOKING Heroism.
 28395 | Snake:3  | Reached skill level 15 in Shields
 28481 | Snake:3  | 28481 ||| READING scroll of acquirement.
 28481 | Snake:3  | 28481 ||| ACQUIRING +0 hat of Fycazxia {rPois rC+++ rCorr
                  | MP+9 Slay-5}
 28481 | Snake:3  | Acquired the +0 hat of Fycazxia {rPois rC+++ rCorr MP+9
                  | Slay-5}
 28505 | Snake:3  | 28505 ||| BUYING wand of digging (6) (478 gold).
 28505 | Snake:3  | Bought a wand of digging (6) for 478 gold pieces
 28506 | Snake:3  | 28506 ||| Stepping ~*~*~tactically~*~*~ (hiding).
 28509 | Snake:3  | 28509 ||| Stepping ~*~*~tactically~*~*~ (hiding).
 28618 | Snake:3  | 28618 ||| Stepping ~*~*~tactically~*~*~ (stealth).
 28621 | Snake:3  | 28621 ||| INVOKING Heroism.
 28638 | Snake:3  | 28638 ||| Stepping ~*~*~tactically~*~*~ (hiding).
 28645 | Snake:3  | 28645 ||| Stepping ~*~*~tactically~*~*~ (hiding).
 28649 | Snake:3  | 28649 ||| INVOKING Heroism.
 28657 | Snake:3  | 28657 ||| Stepping ~*~*~tactically~*~*~ (hiding).
 28665 | Snake:3  | 28665 ||| Stepping ~*~*~tactically~*~*~ (hiding).
 28670 | Snake:3  | 28670 ||| INVOKING Heroism.
 28675 | Snake:3  | 28675 ||| Stepping ~*~*~tactically~*~*~ (hiding).
 28686 | Snake:3  | 28686 ||| Stepping ~*~*~tactically~*~*~ (hiding).
 28707 | Snake:3  | 28707 ||| Stepping ~*~*~tactically~*~*~ (stealth).
 28724 | Snake:3  | 28724 ||| Stepping ~*~*~tactically~*~*~ (stealth).
 28726 | Snake:3  | 28726 ||| Stepping ~*~*~tactically~*~*~ (hiding).
 28734 | Snake:3  | 28734 ||| INVOKING Heroism.
 28745 | Snake:3  | 28745 ||| Stepping ~*~*~tactically~*~*~ (stealth).
 28747 | Snake:3  | 28747 ||| Stepping ~*~*~tactically~*~*~ (stealth).
 28924 | Snake:3  | 28924 ||| Stepping ~*~*~tactically~*~*~ (hiding).
 28925 | Snake:3  | 28925 ||| Stepping ~*~*~tactically~*~*~ (hiding).
 29093 | Snake:3  | 29093 ||| Stepping ~*~*~tactically~*~*~ (hiding).
 29097 | Snake:3  | 29097 ||| INVOKING Heroism.
 29108 | Snake:3  | Reached XP level 18. HP: 111/118 MP: 23/25
 29280 | Snake:3  | 29280 ||| PLANNING SHOALS:4
 29280 | Snake:3  | 29280 ||| DROPPING +6 ring of dexterity.
 29427 | Shoals:4 | Entered Level 4 of the Shoals
 29550 | Shoals:4 | 29550 ||| Stepping ~*~*~tactically~*~*~ (hiding).
 29551 | Shoals:4 | 29551 ||| Stepping ~*~*~tactically~*~*~ (hiding).
 29592 | Shoals:4 | 29592 ||| INVOKING Heroism.
 29632 | Shoals:4 | 29632 ||| Stepping ~*~*~tactically~*~*~ (stealth).
 29634 | Shoals:4 | 29634 ||| Stepping ~*~*~tactically~*~*~ (hiding).
 29760 | Shoals:4 | Received a gift from Okawaru
 29800 | Shoals:4 | Identified Roxanne's Omnibus of Stones
 29800 | Shoals:4 | Noticed Roxanne
 29801 | Shoals:4 | 29801 ||| INVOKING Heroism.
 29802 | Shoals:4 | 29802 ||| INVOKING Finesse.
 29847 | Shoals:4 | Killed Roxanne
 30114 | Shoals:4 | 30114 ||| INVOKING Heroism.
 30115 | Shoals:4 | 30115 ||| INVOKING Finesse.
 30116 | Shoals:4 | 30116 ||| INVOKING Finesse.
 30323 | Shoals:4 | 30323 ||| INVOKING Heroism.
 30324 | Shoals:4 | 30324 ||| Stepping ~*~*~tactically~*~*~ (hiding).
 30328 | Shoals:4 | 30328 ||| INVOKING Finesse.
 30354 | Shoals:4 | 30354 ||| Stepping ~*~*~tactically~*~*~ (hiding).
 30376 | Shoals:4 | 30376 ||| INVOKING Heroism.
 30404 | Shoals:4 | 30404 ||| DROPPING ring of ice.
 30422 | Shoals:4 | 30422 ||| FLEEEEING.
 30458 | Shoals:4 | 30458 ||| FLEEEEING.
 30459 | Shoals:4 | 30459 ||| FLEEEEING.
 30460 | Shoals:4 | 30460 ||| FLEEEEING.
 30461 | Shoals:4 | 30461 ||| FLEEEEING.
 30465 | Shoals:4 | 30465 ||| STAIRDANCE
 30586 | Shoals:4 | 30586 ||| INVOKING Heroism.
 30630 | Shoals:4 | 30630 ||| Stepping ~*~*~tactically~*~*~ (hiding).
 30631 | Shoals:4 | 30631 ||| Stepping ~*~*~tactically~*~*~ (hiding).
 30636 | Shoals:4 | 30636 ||| INVOKING Heroism.
 30637 | Shoals:4 | 30637 ||| INVOKING Finesse.
 30643 | Shoals:4 | Reached skill level 18 in Shields
 30806 | Shoals:4 | Reached skill level 15 in Fighting
 30850 | Shoals:4 | 30850 ||| INVOKING Heroism.
 30879 | Shoals:4 | 30879 ||| INVOKING Finesse.
 30941 | Shoals:4 | 30941 ||| INVOKING Heroism.
 30989 | Shoals:4 | Got a barnacled rune of Zot
 31272 | Shoals:4 | 31272 ||| PLANNING VAULTS:1-4
 31473 | Vaults:1 | Entered Level 1 of the Vaults
 31502 | Vaults:1 | 31502 ||| INVOKING Heroism.
 31517 | Vaults:1 | Received a gift from Okawaru
 31549 | Vaults:1 | 31549 ||| INVOKING Heroism.
 31561 | Vaults:1 | Identified the +11 crystal plate armour of Subjectivity
                  | {rPois} (Okawaru gifted it to you on level 1 of the Vaults)
 31561 | Vaults:1 | Received a gift from Okawaru
 31753 | Vaults:1 | 31753 ||| INVOKING Heroism.
 31812 | Vaults:1 | 31812 ||| Stepping ~*~*~tactically~*~*~ (stealth).
 31814 | Vaults:1 | 31814 ||| Stepping ~*~*~tactically~*~*~ (hiding).
 32062 | Vaults:1 | 32062 ||| INVOKING Heroism.
 32295 | Vaults:1 | 32295 ||| Stepping ~*~*~tactically~*~*~ (stealth).
 32299 | Vaults:1 | 32299 ||| INVOKING Heroism.
 32341 | Vaults:1 | 32341 ||| Stepping ~*~*~tactically~*~*~ (hiding).
 32345 | Vaults:1 | Reached XP level 19. HP: 124/124 MP: 26/26
 32452 | Vaults:1 | 32452 ||| READING scroll of brand weapon.
 32452 | Vaults:1 | 32452 ||| BRANDING +9 broad axe of flaming.
 32478 | Vaults:1 | 32478 ||| Stepping ~*~*~tactically~*~*~ (hiding).
 32485 | Vaults:1 | 32485 ||| Stepping ~*~*~tactically~*~*~ (hiding).
 32495 | Vaults:1 | Reached skill level 15 in Armour
 32655 | Vaults:1 | 32655 ||| INVOKING Heroism.
 32815 | Vaults:1 | 32815 ||| Stepping ~*~*~tactically~*~*~ (hiding).
 32817 | Vaults:1 | 32817 ||| INVOKING Heroism.
 32841 | Vaults:1 | 32841 ||| Stepping ~*~*~tactically~*~*~ (stealth).
 32860 | Vaults:1 | Reached skill level 9 in Throwing
 33004 | Vaults:1 | 33004 ||| Stepping ~*~*~tactically~*~*~ (stealth).
 33005 | Vaults:1 | 33005 ||| Stepping ~*~*~tactically~*~*~ (stealth).
 33041 | Vaults:1 | 33041 ||| DROPPING +5 plate armour of the Doldrums
                  | {Regen+}.
 33042 | Vaults:1 | 33042 ||| UPGRADING to +11 crystal plate armour of
                  | Subjectivity {rPois}.
 33121 | Vaults:2 | 33121 ||| PLANNING BAZAAR
 33151 | Vaults:2 | 33151 ||| Stepping ~*~*~tactically~*~*~ (hiding).
 33153 | Vaults:2 | 33153 ||| INVOKING Heroism.
 33159 | Vaults:2 | Received a gift from Okawaru
 33221 | Vaults:2 | 33221 ||| INVOKING Heroism.
 33306 | Vaults:2 | 33306 ||| INVOKING Heroism.
 33394 | Vaults:2 | 33394 ||| INVOKING Heroism.
 33395 | Vaults:2 | 33395 ||| INVOKING Finesse.
 33480 | Vaults:2 | 33480 ||| Stepping ~*~*~tactically~*~*~ (stealth).
 33486 | Vaults:2 | 33486 ||| Stepping ~*~*~tactically~*~*~ (hiding).
 33504 | Vaults:2 | Reached skill level 16 in Armour
 33513 | Vaults:2 | Received a gift from Okawaru
 33523 | Vaults:2 | 33523 ||| DROPPING +2 broad axe of flaming.
 33561 | Vaults:2 | 33561 ||| Stepping ~*~*~tactically~*~*~ (hiding).
 33564 | Vaults:2 | 33564 ||| Stepping ~*~*~tactically~*~*~ (stealth).
 33616 | Vaults:2 | Found a flickering gateway to a bazaar.
 33621 | Bazaar   | Entered a bazaar
 33635 | Bazaar   | Found Leic's Distillery.
 33635 | Bazaar   | Found Nudeosut's Distillery.
 33640 | Bazaar   | 33640 ||| BUYING 2 potions of lignification (78 gold).
 33640 | Bazaar   | Bought 2 potions of lignification for 78 gold pieces
 33640 | Bazaar   | 33640 ||| BUYING potion of curing (39 gold).
 33640 | Bazaar   | Bought a potion of curing for 39 gold pieces
 33640 | Bazaar   | 33640 ||| BUYING potion of curing (39 gold).
 33640 | Bazaar   | Bought a potion of curing for 39 gold pieces
 33640 | Bazaar   | 33640 ||| BUYING potion of haste (130 gold).
 33640 | Bazaar   | Bought a potion of haste for 130 gold pieces
 33640 | Bazaar   | 33640 ||| BUYING potion of heal wounds (65 gold).
 33640 | Bazaar   | Bought a potion of heal wounds for 65 gold pieces
 33640 | Bazaar   | 33640 ||| BUYING potion of lignification (39 gold).
 33640 | Bazaar   | Bought a potion of lignification for 39 gold pieces
 33640 | Bazaar   | 33640 ||| BUYING potion of magic (104 gold).
 33640 | Bazaar   | Bought a potion of magic for 104 gold pieces
 33640 | Bazaar   | 33640 ||| BUYING potion of resistance (130 gold).
 33640 | Bazaar   | Bought a potion of resistance for 130 gold pieces
 33646 | Bazaar   | 33646 ||| BUYING 2 potions of cancellation (224 gold).
 33646 | Bazaar   | Bought 2 potions of cancellation for 224 gold pieces
 33646 | Bazaar   | 33646 ||| BUYING potion of curing (42 gold).
 33646 | Bazaar   | Bought a potion of curing for 42 gold pieces
 33646 | Bazaar   | 33646 ||| BUYING potion of curing (42 gold).
 33646 | Bazaar   | Bought a potion of curing for 42 gold pieces
 33646 | Bazaar   | 33646 ||| BUYING potion of might (56 gold).
 33646 | Bazaar   | Bought a potion of might for 56 gold pieces
 33646 | Bazaar   | 33646 ||| BUYING potion of might (56 gold).
 33646 | Bazaar   | Bought a potion of might for 56 gold pieces
 33646 | Bazaar   | 33646 ||| BUYING potion of mutation (112 gold).
 33646 | Bazaar   | Bought a potion of mutation for 112 gold pieces
 33657 | Bazaar   | Found Riff's Magic Scroll Shoppe.
 33657 | Bazaar   | Found Xig Rucw's Weapon Emporium.
 33668 | Bazaar   | 33668 ||| BUYING scroll of teleportation (33 gold).
 33668 | Bazaar   | Bought a scroll of teleportation for 33 gold pieces
 33668 | Bazaar   | 33668 ||| BUYING scroll of teleportation (33 gold).
 33668 | Bazaar   | Bought a scroll of teleportation for 33 gold pieces
 33679 | Bazaar   | Found Riri's Distillery.
 33679 | Bazaar   | Found Heumnifeamm's Armour Emporium.
 33684 | Bazaar   | 33684 ||| BUYING +1 pair of gloves (218 gold).
 33684 | Bazaar   | Bought a +1 pair of gloves for 218 gold pieces
 33690 | Bazaar   | 33690 ||| BUYING potion of attraction (36 gold).
 33690 | Bazaar   | Bought a potion of attraction for 36 gold pieces
 33690 | Bazaar   | 33690 ||| BUYING potion of curing (36 gold).
 33690 | Bazaar   | Bought a potion of curing for 36 gold pieces
 33690 | Bazaar   | 33690 ||| BUYING potion of heal wounds (60 gold).
 33690 | Bazaar   | Bought a potion of heal wounds for 60 gold pieces
 33690 | Bazaar   | 33690 ||| BUYING potion of might (48 gold).
 33690 | Bazaar   | Bought a potion of might for 48 gold pieces
 33703 | Bazaar   | 33703 ||| DROPPING +0 pair of gloves.
 33704 | Bazaar   | 33704 ||| UPGRADING to +1 pair of gloves.
 33714 | Bazaar   | 33714 ||| DROPPING +0 pair of gloves of Winter {Will+ Dex-3
                  | Stlth+}.
 33715 | Bazaar   | 33715 ||| READING scroll of enchant armour.
 33715 | Bazaar   | 33715 ||| ENCHANTING +1 pair of gloves.
 33722 | Vaults:2 | 33722 ||| PLANNING VAULTS:1-4
 33725 | Vaults:2 | 33725 ||| Stepping ~*~*~tactically~*~*~ (stealth).
 33727 | Vaults:2 | 33727 ||| Stepping ~*~*~tactically~*~*~ (stealth).
 33728 | Vaults:2 | 33728 ||| Stepping ~*~*~tactically~*~*~ (stealth).
 33738 | Vaults:2 | 33738 ||| Stepping ~*~*~tactically~*~*~ (hiding).
 33739 | Vaults:2 | 33739 ||| Stepping ~*~*~tactically~*~*~ (hiding).
 33740 | Vaults:2 | 33740 ||| Stepping ~*~*~tactically~*~*~ (hiding).
 33749 | Vaults:2 | 33749 ||| FLEEEEING.
 33750 | Vaults:2 | 33750 ||| FLEEEEING.
 33751 | Vaults:2 | 33751 ||| FLEEEEING.
 33752 | Vaults:2 | 33752 ||| FLEEEEING.
 33753 | Vaults:2 | 33753 ||| FLEEEEING.
 33759 | Vaults:2 | 33759 ||| FLEEEEING.
 33761 | Vaults:2 | 33761 ||| FLEEEEING.
 33763 | Vaults:2 | 33763 ||| FLEEEEING.
 34014 | Vaults:2 | 34014 ||| INVOKING Heroism.
 34205 | Vaults:2 | Found a staircase to the Crypt.
 34206 | Vaults:2 | 34206 ||| Stepping ~*~*~tactically~*~*~ (hiding).
 34209 | Vaults:2 | 34209 ||| Stepping ~*~*~tactically~*~*~ (hiding).
 34461 | Vaults:2 | Reached skill level 17 in Armour
 34499 | Vaults:2 | 34499 ||| Stepping ~*~*~tactically~*~*~ (stealth).
 34500 | Vaults:2 | 34500 ||| Stepping ~*~*~tactically~*~*~ (stealth).
 34501 | Vaults:2 | 34501 ||| INVOKING Heroism.
 34762 | Vaults:3 | 34762 ||| INVOKING Heroism.
 34803 | Vaults:3 | 34803 ||| Stepping ~*~*~tactically~*~*~ (hiding).
 34820 | Vaults:3 | Received a gift from Okawaru
 34830 | Vaults:3 | 34830 ||| Stepping ~*~*~tactically~*~*~ (hiding).
 34831 | Vaults:3 | 34831 ||| Stepping ~*~*~tactically~*~*~ (hiding).
 34832 | Vaults:3 | 34832 ||| Stepping ~*~*~tactically~*~*~ (hiding).
 34950 | Vaults:3 | 34950 ||| Stepping ~*~*~tactically~*~*~ (stealth).
 34952 | Vaults:3 | 34952 ||| FLEEEEING.
 34953 | Vaults:3 | 34953 ||| INVOKING Heroism.
 34954 | Vaults:3 | 34954 ||| INVOKING Finesse.
 35001 | Vaults:3 | Received a gift from Okawaru
 35003 | Vaults:3 | Reached skill level 18 in Armour
 35022 | Vaults:3 | Received a gift from Okawaru
 35024 | Vaults:3 | Reached XP level 20. HP: 100/129 MP: 24/27
 35392 | Vaults:3 | 35392 ||| INVOKING Heroism.
 35402 | Vaults:3 | Identified the +10 broad axe of Fuluwom {drain, rPois
                  | Int+4} (Okawaru gifted it to you on level 3 of the Vaults)
 35402 | Vaults:3 | Received a gift from Okawaru
 35417 | Vaults:3 | 35417 ||| DROPPING +10 broad axe of Fuluwom {drain, rPois
                  | Int+4}.
 35441 | Vaults:3 | Found Him Viuw's Antique Weapon Shoppe.
 35444 | Vaults:3 | 35444 ||| Stepping ~*~*~tactically~*~*~ (stealth).
 35445 | Vaults:3 | 35445 ||| Stepping ~*~*~tactically~*~*~ (stealth).
 35449 | Vaults:3 | 35449 ||| Stepping ~*~*~tactically~*~*~ (stealth).
 35450 | Vaults:3 | 35450 ||| Stepping ~*~*~tactically~*~*~ (stealth).
 35497 | Vaults:3 | 35497 ||| Stepping ~*~*~tactically~*~*~ (stealth).
 35499 | Vaults:3 | 35499 ||| INVOKING Heroism.
 35501 | Vaults:3 | 35501 ||| INVOKING Finesse.
 35889 | Vaults:3 | 35889 ||| Stepping ~*~*~tactically~*~*~ (stealth).
 35915 | Vaults:3 | 35915 ||| Stepping ~*~*~tactically~*~*~ (hiding).
 35923 | Vaults:3 | 35923 ||| Stepping ~*~*~tactically~*~*~ (hiding).
 36069 | Vaults:3 | 36069 ||| Stepping ~*~*~tactically~*~*~ (stealth).
 36316 | Vaults:3 | 36316 ||| DROPPING amulet of regeneration.
 36317 | Vaults:3 | 36317 ||| DROPPING ring of wizardry.
 36433 | Vaults:4 | 36433 ||| INVOKING Heroism.
 36437 | Vaults:4 | Reached skill level 19 in Armour
 36512 | Vaults:4 | 36512 ||| Stepping ~*~*~tactically~*~*~ (stealth).
 36554 | Vaults:4 | 36554 ||| Stepping ~*~*~tactically~*~*~ (hiding).
 36555 | Vaults:4 | 36555 ||| Stepping ~*~*~tactically~*~*~ (hiding).
 36660 | Vaults:4 | 36660 ||| Stepping ~*~*~tactically~*~*~ (stealth).
 36663 | Vaults:4 | 36663 ||| INVOKING Heroism.
 36678 | Vaults:4 | Identified the +3 kite shield of the Spheres {+Blink rF+}
                  | (Okawaru gifted it to you on level 4 of the Vaults)
 36678 | Vaults:4 | Received a gift from Okawaru
 36760 | Vaults:4 | 36760 ||| INVOKING Heroism.
 36877 | Vaults:4 | 36877 ||| INVOKING Heroism.
 37089 | Vaults:4 | 37089 ||| INVOKING Heroism.
 37091 | Vaults:4 | Noticed Margery
 37092 | Vaults:4 | 37092 ||| DRINKING potion of resistance.
 37093 | Vaults:4 | 37093 ||| INVOKING Finesse.
 37112 | Vaults:4 | Killed Margery
 37317 | Vaults:4 | 37317 ||| Stepping ~*~*~tactically~*~*~ (stealth).
 37318 | Vaults:4 | 37318 ||| Stepping ~*~*~tactically~*~*~ (stealth).
 37336 | Vaults:4 | 37336 ||| Stepping ~*~*~tactically~*~*~ (stealth).
 37439 | Vaults:4 | 37439 ||| INVOKING Heroism.
 37674 | Vaults:4 | 37674 ||| INVOKING Heroism.
 37745 | Vaults:4 | 37745 ||| Stepping ~*~*~tactically~*~*~ (hiding).
 37834 | Vaults:4 | 37834 ||| Stepping ~*~*~tactically~*~*~ (stealth).
 37836 | Vaults:4 | 37836 ||| Stepping ~*~*~tactically~*~*~ (stealth).
 37846 | Vaults:4 | 37846 ||| Stepping ~*~*~tactically~*~*~ (stealth).
 38032 | Vaults:4 | Reached skill level 20 in Armour
 38075 | Vaults:5 | Entered Level 5 of the Vaults
 38076 | Vaults:5 | 38076 ||| INVOKING Heroism.
 38077 | Vaults:5 | 38077 ||| STAIRDANCE
 38123 | Vaults:5 | 38123 ||| STAIRDANCE
 38125 | Vaults:4 | 38125 ||| INVOKING Heroism.
 38129 | Vaults:4 | Reached XP level 21. HP: 128/139 MP: 25/28
 38157 | Vaults:5 | 38157 ||| STAIRDANCE
 38159 | Vaults:4 | 38159 ||| INVOKING Heroism.
 38270 | Vaults:5 | 38270 ||| STAIRDANCE
 38280 | Vaults:4 | Identified the +9 war axe of the Endless Tusks {freeze,
                  | Str+5} (Okawaru gifted it to you on level 4 of the Vaults)
 38280 | Vaults:4 | Received a gift from Okawaru
 38306 | Vaults:5 | 38306 ||| STAIRDANCE
 38342 | Vaults:5 | 38342 ||| INVOKING Heroism.
 38344 | Vaults:5 | 38344 ||| INVOKING Finesse.
 38381 | Vaults:5 | HP: 3/140 [deep elf high priest/damnation (39)]
 38381 | Vaults:5 | Shot with a bolt by a yaktaur captain

Levels and vault maps discovered:
D:1:      minmay_arrival_four_houses, layout_loops_corners, serial_shops, shop
D:2:      layout_basic, shapermc_ecumenical_altar_totnotflames
D:3:      layout_basic, uniq_pargi
D:4:      layout_cave_pools, serial_bayou_pond_a
D:5:      layout_basic, minmay_temple_entry_proselytizer, uniq_blork_the_orc
D:6:      layout_rooms, serial_shops, nicolae_shop_crystal
D:7:      layout_basic, nicolae_specific_store, minmay_chambers_of_fives
D:8:      layout_gridville, kennysheep_mini, enter_bailey_5
D:9:      minmay_the_grid_octo_tiled_squarecenter [minmay_the_grid_octo_77,
          minmay_the_grid_octo_teeth, minmay_the_grid_octo_toaster,
          minmay_the_grid_octo_empty,
          minmay_the_grid_square_5x5_megaprize_diamond,
          minmay_the_grid_square_5x5_slash,
          minmay_the_grid_square_5x5_minivault,
          minmay_the_grid_square_5x5_eight_small,
          minmay_the_grid_square_5x5_empty], layout_long_grid, fedhas_altar_1,
          dpeg_oklobed_lair, nicolae_transmutations_shop, uniq_maurice,
          uniq_harold
D:10:     layout_basic, serial_shops, nicolae_shop_overgrown_old_shop,
          nicolae_diamond_shop, uniq_psyche
D:11:     minmay_slanted_spiral_squares, layout_cave_pools, orc_0_dummy
D:12:     minmay_concentric_multi, layout_grid_maze, uniq_lodul
D:13:     layout_grid_maze, ximxim_vaults_locker_room
D:14:     layout_big_octagon, nicolae_figureground_sparkle
D:15:     gammafunk_enter_depths_forms, layout_irregular_city,
          nemelex_lonely_heart_becter
Temple:   nicolae_temple_slightly_damp_pantheon
Lair:1:   layout_hall_layers, chequers_serial_rivers_marsh,
          kennysheep_snail_temple
Lair:2:   layout_roguey [special_room_bee], columned_hall_lemuel
Lair:3:   layout_small_grid, elwin_shoals_entry_rocks, dummy_snake_entry,
          nicolae_quartered_pool_impasse, dreamdust_mushroom_princess,
          uniq_fannar
Lair:4:   layout_regular_city, slime_entry_1, ebering_ghost_funeral_grove,
          guppyfry_lair_drakes
Lair:5:   hangedman_lair_caniforms_friends, layout_loops_ring,
          guppyfry_lair_end_dragon, portal_ice_cave_rime, serial_bayou_pond_a,
          minivault_24, amcnicky_altar_lugonu_corruption
Shoals:1: layout_shoals, lemuel_centaur_altar
Shoals:2: cheibrodos_shoals_oceanic_diplomacy, layout_shoals,
          nicolae_shoals_stone_sculpture_thing, nicolae_shoals_circle_sea_wall
Shoals:3: layout_shoals, uniq_polyphemus, uniq_ilsuiw, uniq_aizul
Shoals:4: shoals_end_grunt_ice, layout_shoals, shoals_ilsuiw_alternative,
          uniq_roxanne
Snake:1:  layout_chambers, grunt_megastairs_4, minmay_shop_star
Snake:2:  layout_gridlike, nicolae_snake_gridmaze_tees, nicolae_triple_integral
Snake:3:  layout_onion_interference, drop_trap, grunt_ministairs_10,
          nicolae_shop_gadgets
Orc:1:    layout_caves, gammafunk_ghost_abyssal_escape, trog_butcher_becter
Orc:2:    st_orc_ogre_mass, layout_caves, serial_shops, shop, mines2_david
Vaults:1: vaults_mumra_hexcomb, nicolae_vaults_little_squares_1, v_misc_18,
          v_misc_33, v_misc_27, vaults_dpeg_cross, v_misc_23,
          ontoclasm_vaults_bender, hangedman_vaults_nails,
          nicolae_vaults_circle_grid_b, ontoclasm_vaults_misaligned,
          ontoclasm_vaults_spin, ontoclasm_vaults_loading_screen,
          ontoclasm_vaults_twist, grunt_vaults_focal, layout_vaults_maze_bifur,
          uniq_asterion
Vaults:2: minmay_crypt_entry_simple_sparse, nicolae_vaults_little_squares_3,
          grunt_vaults_hallway_short, nicolae_vaults_angled_halls, v_pattern_2,
          vaults_dpeg_ring, vaults_room_pool, v_misc_4, vaults_room_corners,
          nicolae_vaults_border_crossing, vaults_dpeg_hooks,
          layout_vaults_omnibox, serial_shops, bzr_entry_road
Vaults:3: v_alt_pattern_3, st_eye, grunt_vaults_trifunnel,
          vaults_standard_mumra_lines, ontoclasm_vaults_fault, vaults_mumra_lcd,
          nicolae_vaults_little_ls, v_misc_27, vaults_room_door_ring,
          nicolae_vaults_little_squares_4, layout_vaults_big_cross,
          serial_shops, nicolae_diamond_shop
Vaults:4: ontoclasm_vaults_chip, v_alt_pattern_2, vaults_room_door_ring,
          ontoclasm_vaults_shuriken, nicolae_vaults_specimen_jars,
          layout_vaults_omnigrid, uniq_margery
Vaults:5

Skill      XL: |  1  2  3  4  5  6  7  8  9 10 11 12 13 14 15 16 17 18 19 20 21 |
---------------+----------------------------------------------------------------+-----
Axes           | 2 3 5 6 7 9 10 12 14 15 17 18 | 18.0
Shields        | 4 5 6 8 9 10 11 12 13 16 18 19 | 19.4
Throwing       | 1 2 3 4 6 8 9 10 | 10.0
Fighting       | 4 5 6 7 8 9 11 12 13 14 15 17 | 17.4
Armour         | 4 5 6 8 9 12 13 14 18 20 | 20.0
Invocations    | 2 4 5 9 10 | 10.0
Dodging        | 1 2 3 4 |  4.0

Action                   |  1- 3 |  4- 6 |  7- 9 | 10-12 | 13-15 | 16-18 | 19-21 || total
-------------------------+-------+-------+-------+-------+-------+-------+-------++-------
Melee: War axe           |   117 |    53 |   248 |   128 |   171 |       |       ||   717
       Hand axe          |       |       |       |   444 |   221 |       |       ||   665
       Broad axe         |       |       |       |       |   554 |  1077 |   739 ||  2370
       Morningstar       |       |       |       |       |    10 |       |       ||    10
Throw: Javelin           |       |     2 |    43 |    65 |    31 |    67 |    52 ||   260
       Boomerang         |       |       |     2 |    16 |   195 |    32 |       ||   245
Invok: Heroism           |       |       |     7 |    22 |    39 |    47 |    23 ||   138
       Finesse           |       |       |       |     1 |     6 |    11 |     5 ||    23
  Use: Scroll            |     8 |     1 |     4 |     6 |     9 |     7 |     2 ||    37
       Potion            |     1 |     1 |     4 |     1 |       |       |     1 ||     8
 Stab: Distracted        |       |       |       |       |     2 |       |       ||     2
Armor: Scale mail        |    14 |       |       |       |       |       |       ||    14
       Plate armour      |    25 |    43 |   214 |   219 |   196 |   403 |    33 ||  1133
       Chain mail        |    17 |       |       |       |       |       |       ||    17
       Leather armour    |       |       |       |    32 |   171 |       |       ||   203
       Crystal plate arm |       |       |       |       |       |       |   258 ||   258
Dodge: Dodged            |    49 |    15 |    55 |   113 |   232 |   159 |   106 ||   729
Block: Buckler           |    19 |     3 |       |       |       |       |       ||    22
       Kite shield       |       |    13 |   127 |   259 |   618 |   318 |       ||  1335
       Reflection        |       |       |       |     1 |    13 |    89 |    31 ||   134
       Tower shield      |       |       |       |       |       |   456 |   572 ||  1028

Table legend:
 A = Non-vault XP
 B = Vault XP
 C = Vault XP percentage of total XP
 D = Non-vault monster count
 E = Vault monster count
 F = Vault count percentage of total count
                 A         B        C        D         E       F
            +---------+---------+-------+---------+---------+-------
      Total |  299851 |  219807 |  42.3 |     812 |     435 |  34.9
            +---------+---------+-------+---------+---------+-------
        D:1 |      33 |       0 |   0.0 |      18 |       0 |   0.0
        D:2 |      26 |       0 |   0.0 |      17 |       0 |   0.0
        D:3 |      47 |     136 |  74.3 |      13 |       1 |   7.1
        D:4 |     414 |       0 |   0.0 |      19 |       0 |   0.0
        D:5 |     526 |     137 |  20.7 |      16 |       2 |  11.1
        D:6 |     500 |       0 |   0.0 |      14 |       0 |   0.0
        D:7 |    1032 |     504 |  32.8 |      15 |       5 |  25.0
        D:8 |    2016 |       8 |   0.4 |      22 |       4 |  15.4
        D:9 |    2547 |    9369 |  78.6 |      13 |      25 |  65.8
       D:10 |    4201 |     353 |   7.8 |      30 |       1 |   3.2
       D:11 |    2733 |    3554 |  56.5 |      11 |       7 |  38.9
       D:12 |    2980 |    9060 |  75.2 |      12 |      25 |  67.6
       D:13 |    6518 |    4438 |  40.5 |      15 |      12 |  44.4
       D:14 |    6953 |       0 |   0.0 |      14 |       0 |   0.0
       D:15 |    9773 |    5449 |  35.8 |      25 |      10 |  28.6
     Lair:1 |    4649 |    2571 |  35.6 |      16 |       6 |  27.3
     Lair:2 |    8262 |    1838 |  18.2 |      32 |      26 |  44.8
     Lair:3 |    7764 |     878 |  10.2 |      37 |       1 |   2.6
     Lair:4 |    1098 |     732 |  40.0 |       5 |       2 |  28.6
     Lair:5 |   15548 |   15733 |  50.3 |      42 |      75 |  64.1
   Shoals:1 |    6565 |     453 |   6.5 |      13 |       4 |  23.5
   Shoals:2 |   14519 |    6331 |  30.4 |      25 |      11 |  30.6
   Shoals:3 |   18050 |    7045 |  28.1 |      37 |       8 |  17.8
   Shoals:4 |   21561 |   17573 |  44.9 |      46 |      28 |  37.8
    Snake:1 |   11637 |     880 |   7.0 |      25 |       2 |   7.4
    Snake:2 |    5860 |       0 |   0.0 |      11 |       0 |   0.0
    Snake:3 |   17073 |    4779 |  21.9 |      35 |       9 |  20.5
      Orc:1 |    3219 |     281 |   8.0 |      43 |       4 |   8.5
      Orc:2 |     931 |   16073 |  94.5 |       9 |      36 |  80.0
   Vaults:1 |   28710 |   22270 |  43.7 |      42 |      27 |  39.1
   Vaults:2 |   23827 |   12584 |  34.6 |      31 |      20 |  39.2
   Vaults:3 |   32942 |   28710 |  46.6 |      50 |      33 |  39.8
   Vaults:4 |   35785 |   38128 |  51.6 |      57 |      42 |  42.4
   Vaults:5 |    1552 |    9940 |  86.5 |       2 |       9 |  81.8
            +---------+---------+-------+---------+---------+-------
